 Dungeon Crawl Stone Soup version 0.31-a0-1405-g2bb1a01664 (webtiles) character file.

Game seed: 2329678473845509720

1868337 MackTheKnife the Conqueror (level 27, 419/419 HPs)
             Began as an Oni Reaver on Dec 25, 2023.
             Was the Champion of Makhleb.
             Escaped with the Orb
             ... and 3 runes
             ... and 1 gem!
             The game lasted 01:50:51 (62588 turns).

MackTheKnife the Conqueror (Oni Reaver)            Turns: 62588, Time: 01:50:52

Health: 419/419    AC: 38    Str: 24    XL:     27
Magic:  37/37      EV: 18    Int: 11    God:    Makhleb [******]
Gold:   5930       SH: 35    Dex: 20    Spells: 32/46 levels left

rFire   + . .        l - +8 mithril axe "Arga" {speed, Will+}
rCold   + + +        S - +8 tower shield {AC+3}
rNeg    + + .        r - melded +3 troll leather armour {Snorg} rPois โˆž
                     w - +2 hat of the Bear Spirit {Spirit, Bear, *Rage Will++}
rElec   +            D - scarf "Rammugeg" {shadows, *Slow rC+++ Dex+3}
rCorr   +            (gloves unavailable)
SInv    +            (boots unavailable)
Will    +++++        X - amulet "Kottuit" {Reflect Will+ SH+5}
Stlth   +            H - ring "Faer" {rF+ rCorr Int-3 Dex+6 Stlth+}
HPRegen 0.89/turn    C - ring "Biofys" {rElec rN+ SInv}
MPRegen 0.25/turn

%: random rage (20%), slow self (1%), reflection, guardian spirit
@: statue-form, studying 2 skills, very slow
A: slow and powerful, torment resistance 1, boosted hp, large, unfitting armour,
horns 1, (tough skin 1), double potion healing, drunken brawling, see invisible,
clumsy 1, cold resistance 1, deformed body, poison resistance, weak 2, no potion
heal 1, inability to drink after injury 1, devolution 1
0: Orb of Zot
}: 3/15 runes: serpentine, barnacled, slimy
a: Begin Untransformation, Renounce Religion, Minor Destruction, Lesser Servant
of Makhleb, Major Destruction, Greater Servant of Makhleb


You escaped.
You worshipped Makhleb.
Makhleb was exalted by your worship.
You were a living statue of rough stone.
You visited 12 branches of the dungeon, and saw 55 of its levels.
You visited the Abyss 2 times.
You visited 1 bazaar.
You also visited: Trove, Gauntlet, Ice Cave and Desolation.

You collected 8330 gold pieces.
You spent 2400 gold pieces at shops.


Innate Abilities, Weirdness & Mutations

You are a living statue of rough stone.
Your actions are slow, but your melee attacks are powerful.
You are resistant to unholy torment.
Your maximum health is greatly increased.
Your equipment is partially melded.
You are too large for most types of armour.
You are immune to poison.
You have a pair of small horns on your head.
((You have tough skin. (AC +1)))
You gain doubled healing and magic from potions.
Whenever you drink a healing potion, you attack all around you.
You have supernaturally acute eyesight. (SInv)
You are clumsy. (Dex -2)
Your flesh is cold resistant. (rC+)
Armour fits poorly on your strangely shaped body.
Your system is resistant to poisons. (rPois)
You are very weak. (Str -4)
Potions are less effective at restoring your health.
You occasionally lose the ability to drink potions when taking damage.
You have hidden genetic defects.


   Skills:
 O Level 27 Fighting
 - Level 20.5(22.0) Axes
 - Level 14.0(18.9) Maces & Flails
 - Level 14.0 Dodging
 - Level 18.0 Shields
 - Level 10.0 Spellcasting
 - Level 3.0 Conjurations
 - Level 9.0 Translocations
 - Level 9.0 Air Magic
 - Level 18.5 Invocations
 - Level 4.0 Evocations
 + Level 21.4 Shapeshifting


You had 32 spell levels left.
You knew the following spells:

 Your Spells              Type           Power      Damage    Failure   Level
a - Kiss of Death         Conj/Necr      32%        2d7       13%         1
b - Momentum Strike       Conj/Tloc      36%        3d9       3%          2
c - Blink                 Tloc           50%        N/A       1%          2
d - Apportation           Tloc           50%        N/A       1%          1
e - Passage of Golubria   Tloc           25%        N/A       6%          4
f - Vhi's Electric Charg  Tloc/Air       50%        N/A       6%          4

Your spell library contained the following spells:

 Spells                   Type           Power      Damage    Failure   Level
 Shock                    Conj/Air       72%        1d7       1%          1
 Gell's Gravitas          Tloc           25%        N/A       1%          3
 Swiftness                Air            25%        N/A       1%          3
 Teleport Other           Tloc           25%        N/A       1%          3
 Mercury Vapours          Alch/Air       30%        N/A       6%          2
 Airstrike                Air            12%        2d(2-18)  6%          4
 Magic Dart               Conj           48%        1d5       7%          1
 Cigotuvi's Dreadful Rot  Necr/Alch/Air  24%        N/A       11%         2
 Searing Ray              Conj           24%        2d5       11%         2
 Volatile Blastmotes      Fire/Tloc      30%        2d12      12%         3
 Foxfire                  Conj/Fire      32%        2x1d5     13%         1
 Sting                    Conj/Alch      32%        1d5       13%         1
 Mephitic Cloud           Conj/Alch/Air  14%        N/A       14%         3
 Iskenderun's Mystic Bla  Conj/Tloc      18%        2d6       21%         4
 Necrotise                Necr           20%        1d5       24%         1
 Sandblast                Erth           10%        2d5       24%         1
 Summon Small Mammal      Summ           20%        N/A       24%         1
 Call Imp                 Summ           10%        N/A       36%         2
 Ensorcelled Hibernation  Hex/Ice        10%        N/A       36%         2
 Jinxbite                 Hex            10%        N/A       36%         2
 Passwall                 Alch/Erth      4%         N/A       36%         2
 Scorch                   Fire           10%        2d5       36%         2
 Dazzling Flash           Conj/Hex       16%        N/A       36%         3
 Hailstorm                Conj/Ice       8%         3d5       36%         3
 Stone Arrow              Conj/Erth      16%        3d8       36%         3
 Dimensional Bullseye     Hex/Tloc       7%         N/A       36%         4
 Summon Lightning Spire   Summ/Air       15%        N/A       36%         4
 Arcjolt                  Conj/Air       9%         1d19      50%         5
 Confusing Touch          Hex            5%         N/A       58%         3
 Frozen Ramparts          Ice            10%        1d2       58%         3
 Fugue of the Fallen      Necr           5%         N/A       58%         3
 Tukima's Dance           Hex            5%         N/A       58%         3
 Vampiric Draining        Necr           5%         2d6       58%         3
 Dispersal                Tloc           12%        N/A       67%         6
 Silence                  Hex/Air        7%         N/A       71%         5
 Brom's Barrelling Bould  Conj/Erth      8%         2d3       78%         4
 Flame Wave               Conj/Fire      8%         2d5       78%         4
 Fulminant Prism          Conj/Alch      4%         3d5       78%         4
 Freezing Cloud           Conj/Ice/Air   7%         6-21      78%         5
 Iskenderun's Battlesphe  Conj           12%        2d7       89%         5
 Anguish                  Hex/Necr       2%         N/A       94%         4
 Animate Dead             Necr           5%         N/A       94%         4
 Cause Fear               Hex            2%         N/A       94%         4
 Dispel Undead            Necr           5%         3d7       94%         4
 Ignite Poison            Fire/Alch      5%         N/A       94%         4
 Leda's Liquefaction      Alch/Erth      2%         N/A       94%         4
 Olgreb's Toxic Radiance  Alch           5%         N/A       94%         4
 Sticky Flame             Fire/Alch      5%         2d4       94%         4
 Summon Ice Beast         Ice/Summ       5%         N/A       94%         4
 Plasma Beam              Fire/Air       7%         2x1d18    99%         6
 Agony                    Necr           5%         N/A       100%        5
 Alistair's Intoxication  Alch           3%         N/A       100%        5
 Borgnjor's Vile Clutch   Necr/Erth      2%         N/A       100%        5
 Bombard                  Conj/Erth      4%         9d2       100%        6
 Death Channel            Necr           2%         N/A       100%        6
 Eringya's Noxious Bog    Alch           2%         4d6       100%        6
 Simulacrum               Ice/Necr       2%         N/A       100%        6
 Starburst                Conj/Fire      4%         6d3       100%        6
 Summon Cactus Giant      Summ           2%         N/A       100%        6
 Enfeeble                 Hex            2%         N/A       100%        7
 Haunt                    Necr/Summ      2%         N/A       100%        7
 Spellforged Servitor     Conj/Summ      4%         N/A       100%        7
 Summon Hydra             Summ           2%         N/A       100%        7
 Borgnjor's Revivificati  Necr           2%         N/A       100%        8
 Ignition                 Fire           2%         3d3       100%        8
 Infestation              Necr           2%         N/A       100%        8
 Lehudib's Crystal Spear  Conj/Erth      4%         10d3      100%        8
 Maxwell's Capacitive Co  Air            12%        โˆž       100%        8
 Chain Lightning          Conj/Air       9%         3d12      100%        9
 Death's Door             Necr           2%         N/A       100%        9
 Shatter                  Erth           2%         3d6*      100%        9
 Sublimation of Blood     Necr           Unusable   N/A       N/A         2

Inventory:

Hand Weapons
 l - the +8 mithril axe "Arga" (weapon) {speed, Will+}
   (You found it in the Desolation of Salt)

   Will+:     It increases your willpower.
Armour
 r - a +3 troll leather armour (melded) {Snorg}
   (You found it on level 12 of the Dungeon)
 w - the +2 hat of the Bear Spirit (worn) {Spirit, Bear, *Rage Will++}
   (You bought it in a shop on level 1 of the Snake Pit)

   Bear:      Going berserk makes the wearer exceptionally tough, and they are
   slowed for a shorter time afterward.
   Will++:    It greatly increases your willpower.
   *Rage:     It berserks you when you make melee attacks (+20% chance).
 D - the scarf "Rammugeg" (worn) {shadows, *Slow rC+++ Dex+3}
   (You found it on level 6 of the Dungeon)

   Dex+3:     It affects your dexterity (+3).
   rC+++:     It renders you almost immune to cold.
   *Slow:     It may slow you when you take damage.
 S - a +8 tower shield of protection (worn)
   (You took it off a naga warrior on level 4 of the Snake Pit)
 Z - the +4 kite shield of Wu Jian, Thieving {rPois rF+ Dex-3}
   (You bought it in a shop in a bazaar)

   Dex-3:     It affects your dexterity (-3).
   rF+:       It protects you from fire.
   rPois:     It protects you from poison
Magical Staves
 P - the staff of the Walnut {rElec rPois rC+ Will+ Air, staff}
   (You found it on level 3 of the Depths)

   [staff of air]

   Base accuracy: +5 Base damage: 5 Base attack delay: 1.2 This weapon's minimum
   attack delay (0.6) is reached at skill level 12.
   rC+:       It protects you from cold.
   rElec:     It insulates you from electricity.
   rPois:     It protects you from poison Will+: It increases your willpower.
   Air:       It increases the power of your Air spells.
   It falls into the 'Staves' category.
   It is a one-handed weapon.
 V - the staff of the Charming Viper {rPois rC+ rCorr Conj Air Alchemy, staff}
   (You found it on level 5 of the Pits of Slime)

   [staff of alchemy]

   Base accuracy: +5 Base damage: 5 Base attack delay: 1.2 This weapon's minimum
   attack delay (0.6) is reached at skill level 12.
   rC+:       It protects you from cold.
   rPois:     It protects you from poison rCorr: It protects you from acid and
   corrosion.
   Conj:      It increases the power of your Conjurations spells.
   Air:       It increases the power of your Air spells.
   Alchemy:   It increases the power of your Alchemy spells.
   It falls into the 'Staves' category.
   It is a one-handed weapon.
Jewellery
 h - the macabre finger necklace {Finger+ rN+}
   (You found it on level 3 of the Vaults)

   [amulet of nothing]

   Finger+:   It enables you to equip an extra ring.
   rN+:       It protects you from negative energy.
 i - a ring of protection from cold
   (You found it on level 14 of the Dungeon)
 o - the ring of Descent {Fly rC+ rCorr Stlth+}
   (You acquired it on level 4 of the Vaults)

   [ring of flight]

   rC+:       It protects you from cold.
   Fly:       It grants you flight.
   rCorr:     It protects you from acid and corrosion.
   Stlth+:    It makes you more stealthy.
 q - a +5 ring of evasion
   (You found it on level 14 of the Dungeon)
 x - the ring of Suc Ass {Wiz rCorr Dex+2}
   (You found it on level 3 of the Crypt)

   [ring of wizardry]

   Wiz:       It improves your spell success rate.
   Dex+2:     It affects your dexterity (+2).
   rCorr:     It protects you from acid and corrosion.
 C - the ring "Biofys" (right fist) {rElec rN+ SInv}
   (You found it in a treasure trove)

   [ring of see invisible]

   rElec:     It insulates you from electricity.
   rN+:       It protects you from negative energy.
   SInv:      It lets you see invisible.
 F - the ring "Wynteuni" {*Slow Str+3 Int+6 Dex+5 Stlth-}
   (You took it off a minotaur in a Gauntlet)

   [ring of intelligence]

   Str+3:     It affects your strength (+3).
   Int+6:     It affects your intelligence (+6).
   Dex+5:     It affects your dexterity (+5).
   *Slow:     It may slow you when you take damage.
   Stlth-:    It makes you less stealthy.
 H - the ring "Faer" (left fist) {rF+ rCorr Int-3 Dex+6 Stlth+}
   (You found it on level 3 of the Crypt)

   [ring of dexterity]

   Int-3:     It affects your intelligence (-3).
   Dex+6:     It affects your dexterity (+6).
   rF+:       It protects you from fire.
   rCorr:     It protects you from acid and corrosion.
   Stlth+:    It makes you more stealthy.
 L - a ring of protection from fire
   (You found it on level 2 of the Orcish Mines)
 Q - the ring of Puas {Fly rC+ EV+5 Int-2}
   (You took it off a deep elf pyromancer on level 3 of the Elven Halls)

   [ring of evasion]

   EV+5:      It affects your evasion (+5).
   Int-2:     It affects your intelligence (-2).
   rC+:       It protects you from cold.
   Fly:       It grants you flight.
 W - the ring "Veng" {rPois rF+ Will+ Int-3}
   (You acquired it on level 4 of the Snake Pit)

   [ring of poison resistance]

   Int-3:     It affects your intelligence (-3).
   rF+:       It protects you from fire.
   rPois:     It protects you from poison Will+: It increases your willpower.
 X - the amulet "Kottuit" (around neck) {Reflect Will+ SH+5}
   (You found it on level 3 of the Shoals)

   [amulet of reflection]

   Reflect:   It reflects blocked missile attacks.
   Will+:     It increases your willpower.
   SH+5:      It affects your SH (+5).
Talismans
 u - a granite talisman (active)
   (You took it off Roxanne on level 15 of the Dungeon)
Wands
 b - a wand of acid (40)
   (You took it off an orc on level 8 of the Dungeon)
 d - a wand of digging (10)
   (You found it on level 3 of the Elven Halls)
 N - a wand of iceblast (49)
   (You found it on level 10 of the Dungeon)
Scrolls
 f - 4 scrolls of vulnerability {!r!r}
 k - 23 scrolls of teleportation {@r4}
 n - 11 scrolls of immolation {!r!r}
 t - 8 scrolls of fog
 y - 2 scrolls of fear
 A - 9 scrolls of blinking {!r}
 B - 9 scrolls of poison {!r}
 T - 3 scrolls of silence {!r}
Potions
 a - 8 potions of attraction {!q}
 e - 4 potions of resistance
 g - a potion of cancellation
 j - 6 potions of heal wounds {@q2}
 m - 23 potions of curing {@q1}
 s - 3 potions of magic
 v - a potion of mutation {!q}
 z - 12 potions of ambrosia
 E - 3 potions of haste {@q3}
 G - 3 potions of might
 J - 3 potions of berserk rage {!q}
 K - 11 potions of enlightenment
 R - 4 potions of invisibility
Miscellaneous
 c - a phial of floods
   (You found it in the Desolation of Salt)
 I - a sack of spiders
   (You found it in a Gauntlet)
 M - a phantom mirror
   (You found it on level 2 of the Shoals)
 O - a tin of tremorstones (2/2) {throwing}
   (You found it in the Desolation of Salt)
 U - a lightning rod (4/4)
   (You found it in a Gauntlet)

Dungeon Overview and Level Annotations

Branches:
Dungeon (15/15)            Temple (1/1) D:5            Lair (5/5) D:10
 Shoals (4/4) Lair:2        Snake (4/4) Lair:3        Slime (5/5) Lair:5
    Orc (2/2) D:12            Elf (3/3) Orc:2        Vaults (4/5) D:14
  Crypt (3/3) Vaults:3       Tomb (0/3) Crypt:3      Depths (4/4) D:15
    Zot (5/5) Depths:4      IceCv (visited)         Desolation (visited)
Gauntlet (visited)

Altars:
Ashenzari
Cheibriados
Dithmenos
Elyvilon
Fedhas
Gozag
Hepliaklqana
Kikubaaqudgha
Makhleb
Nemelex Xobeh
Okawaru
Qazlal
Ru
Sif Muna
Trog
Uskayaw
Vehumet
Wu Jian
Xom
Yredelemnul
Zin
The Shining One
Jiyva
Lugonu

Shops:
D:3 [   D:6 (   D:10 [   D:12 [   D:14 *   Orc:1 (   Orc:2 *::?   Shoals:1 *
Snake:1 ![   Snake:3 *

Portals:
Hell: Depths:1 Depths:2
Abyss: Shoals:3 Depths:1 Depths:3
Pandemonium: Depths:2
Ziggurat: Depths:1

Annotations:
D:4 exclusion: downstairs
Elf:1 6 runed translucent doors
Elf:2 3 runed translucent doors
Depths:1 1 runed translucent door
Depths:4 exclusions: draconian stormcaller and 3 more exclusions

#..............#%#.#
##...##.###.##.#.[.#
##.###..รท........##
#.##..##..###..######
####.#...#.............#
##.##.#........##.#####.#
##.#.#.#..'+++++##.#####.#
#.###..#..+....+.........#
##.#......+.8..+...#####.#
##..###..+....+..## #.#
#..# #..+....'..# #.####
#..# ##.+++++'### ##.....
#..# ###.....#######...###
#..# #.)..............##
#..# ############.......
#..# #.....## #..# ##...##


There were no monsters in sight!


Message History

The Orb Guardian attacks as it pursues you!
You block the Orb Guardian's attack. x2
You block the Orb Guardian's attack. You block the Orb Guardian's attack.
The Orb Guardian hits you but does no damage.
The Orb Guardian attacks as it pursues you!
You block the Orb Guardian's attack. The Orb Guardian barely misses you.
The Orb Guardian attacks as it pursues you!
You block the Orb Guardian's attack. x2
You block the Orb Guardian's attack.
There is a stone staircase leading up here.
A red film seems to cover your vision as you go berserk!
You feel yourself moving faster!
You feel mighty!
You slice the Orb Guardian!!
You block the Orb Guardian's attack. ๐Ÿ˜Ž HP[+420]
You now have 839 max hp (+420).
Your hp is fully restored (839).
You slash the Orb Guardian! You block the Orb Guardian's attack.
You open the Orb Guardian like a pillowcase!!!
You block the Orb Guardian's attack.
You slash the Orb Guardian!
You kill the Orb Guardian!
Makhleb accepts your kill.
You climb upwards.
Level annotation: exclusion: downstairs You feel a strong urge to attack something.
There is a stone staircase leading down, spattered with blood here.
Unknown command.
What level of the Dungeon? (default 1, ? - help)
Okay, then.
Unknown command.
You feel your anger nearly subside.
You are no longer berserk.
You are exhausted.
You feel yourself slow down.
An Orb Guardian comes into view. ๐Ÿ˜Ž HP[-420]
You now have 419 max hp (-420).
A blizzard demon comes into view.
You block the Orb Guardian's attack.
You block the Orb Guardian's attack. x3; You block the blizzard demon's attack.
The blizzard demon hits you!
There is a stone staircase leading up here. ๐Ÿ˜• HP[-6] MP[-1]
You take 6 damage, and now have 413/419 hp.
You lost 1 mp, and now have 36/37 mp.
You feel yourself speed up.
You block the Orb Guardian's attack. x2; You block the blizzard demon's attack. x2
The Orb Guardian completely misses you.
The blizzard demon waves its arms in wide circles.
The air twists around and strikes you!
You climb upwards.
There is a stone staircase leading down here. ๐Ÿ˜• HP[-8]
You take 8 damage, and now have 405/419 hp.
You chop the blizzard demon into pieces!!!
You completely miss the Orb Guardian. The Orb Guardian closely misses you.
You block the blizzard demon's attack. x2; You block the Orb Guardian's attack. ๐Ÿ˜• HP[+1]
You slash the blizzard demon!
Your headbutt misses the blizzard demon.
You slice the Orb Guardian!! You block the Orb Guardian's attack.
You block the blizzard demon's attack. x2 ๐Ÿ˜• HP[+1]
You chop the blizzard demon into pieces!!!
You kill the blizzard demon!
Makhleb accepts your kill.
You feel better.
You slash the Orb Guardian!
You block the Orb Guardian's attack. ๐Ÿ˜Ž HP[+12]
Your hp is fully restored (419).
You slash the Orb Guardian!
You block the Orb Guardian's attack. ๐Ÿ˜Ž MP[+1]
Your mp is fully restored (37).
You completely miss the Orb Guardian. Your headbutt misses the Orb Guardian.
The Orb Guardian hits you but does no damage.
You closely miss the Orb Guardian. Your headbutt misses the Orb Guardian.
The Orb Guardian hits you.
You block the Orb Guardian's attack. ๐Ÿ˜• HP[-5]
You take 5 damage, and now have 414/419 hp.
You slice the Orb Guardian like a ripe choko!!!
You kill the Orb Guardian!
Makhleb accepts your kill.
You feel better. ๐Ÿ˜Ž HP[+5]
Your hp is fully restored (419).
No target in view!
No target in view!
No target in view!
No target in view!
You recover from your berserk rage.
There is a stone staircase leading up here.
You climb upwards.
There is a stone staircase leading down here.
What level of the Dungeon? (default 4, ? - help)
There is a stone staircase leading up here.
You climb upwards.
There is a stone staircase leading down here.
You see here a hobgoblin skeleton.
There is an open door here.
There is a staircase leading out of the dungeon here.
You have escaped!

Skill      XL: |  1  2  3  4  5  6  7  8  9 10 11 12 13 14 15 16 17 18 19 20 21 22 23 24 25 26 27 |
---------------+----------------------------------------------------------------------------------+-----
Fighting       | 3 4 5 7 8 11 13 14 16 19 22 25 27 | 27.0
Conjurations   | 3 |  3.0
Translocations | 1 2 3 6 7 9 |  9.0
Maces & Flails | 4 7 10 13 14 | 14.0
Evocations     | 4 |  4.0
Invocations    | 10 13 18 | 18.5
Shields        | 3 10 12 14 15 16 18 | 18.0
Shapeshifting  | 3 11 13 16 21 | 21.4
Axes           | 7 14 15 20 | 20.5
Dodging        | 9 10 12 14 | 14.0
Air Magic      | 3 9 |  9.0
Spellcasting   | 5 10 | 10.0

Action                     |  1- 3 |  4- 6 |  7- 9 | 10-12 | 13-15 | 16-18 | 19-21 | 22-24 | 25-27 || total
---------------------------+-------+-------+-------+-------+-------+-------+-------+-------+-------++-------
  Melee: Mace              |    50 |   133 |       |       |       |       |       |       |       ||   183
         Headbutt          |    10 |    23 |    41 |   127 |   305 |   295 |   466 |   520 |   545 ||  2332
         Long sword        |       |     5 |       |       |       |       |       |       |       ||     5
         Flail             |       |    35 |   116 |       |       |       |       |       |       ||   151
         Punch             |       |     3 |     3 |       |       |       |       |       |       ||     6
         Dire flail        |       |       |    80 |   568 |       |       |       |       |       ||   648
         Demon whip        |       |       |       |    19 |  1241 |  1137 |  1417 |   542 |       ||  4356
         Kick              |       |       |       |       |    18 |   477 |   706 |   830 |   156 ||  2187
         Broad axe         |       |       |       |       |       |       |       |  1206 |  1634 ||  2840
  Throw: Dart              |       |    14 |    29 |    36 |       |     2 |       |       |       ||    81
         Throwing net      |       |       |     1 |       |       |       |       |       |       ||     1
   Cast: Momentum Strike   |     4 |     4 |       |       |       |       |       |       |       ||     8
 Invoke: Heroism           |       |       |       |     3 |     8 |     8 |    12 |       |       ||    31
         Finesse           |       |       |       |     1 |    10 |     8 |    15 |       |       ||    34
         Receive Weapon    |       |       |       |     1 |       |       |       |       |       ||     1
         Receive Armour    |       |       |       |     1 |       |       |       |       |       ||     1
         Greater Servant o |       |       |       |       |       |       |       |       |     4 ||     4
  Evoke: Wand              |       |       |     9 |    19 |       |     1 |       |       |     1 ||    30
         Lightning rod     |       |       |       |       |       |     5 |     3 |       |     3 ||    11
         Sack of spiders   |       |       |       |       |       |       |       |     1 |     1 ||     2
         Phantom mirror    |       |       |       |       |       |       |       |     1 |     1 ||     2
    Use: Scroll            |       |     3 |     4 |    19 |     7 |    12 |     6 |     6 |    14 ||    71
         Potion            |       |     1 |       |     7 |     4 |     7 |       |       |    17 ||    36
   Stab: Sleeping          |       |     1 |       |       |     5 |       |       |     4 |     6 ||    16
         Paralysed         |       |       |     1 |       |       |       |       |       |       ||     1
         Distracted        |       |       |       |     1 |       |     1 |       |     1 |     5 ||     8
         Petrified         |       |       |       |       |       |       |       |       |     2 ||     2
 Armour: Robe              |    40 |   120 |   149 |     9 |       |       |       |       |       ||   318
         Steam dragon scal |       |       |       |   334 |   287 |       |       |       |       ||   621
         Troll leather arm |       |       |       |       |   114 |   286 |    81 |       |       ||   481
         Skin              |       |       |       |       |       |       |   496 |   715 |   817 ||  2028
  Dodge: Dodged            |    32 |    64 |   108 |   192 |   107 |   129 |   337 |   514 |   514 ||  1997
  Block: Other             |       |       |    33 |    82 |       |       |       |       |       ||   115
         Reflection        |       |       |     3 |     4 |    38 |   113 |    99 |   135 |    17 ||   409
         Tower shield      |       |       |       |    12 |   993 |   930 |  1869 |  2617 |  2473 ||  8894
   Form: Statue            |       |       |       |       |       |       |     1 |       |       ||     1

Levels and vault maps discovered:
D:1:      lightli_arrival_maybe_door_vault, layout_loops_ring,
          chequers_ecumenical_altar_simple, kennysheep_flooded_box,
          minmay_domino_2
D:2:      layout_rooms, minmay_close_crescents
D:3:      layout_loops_ring, serial_shops, nicolae_shop_tiny_glass,
          kennysheep_big_empty_room
D:4:      layout_rooms, mainiacjoe_overflow_catwalk, minmay_misc_feat_pillars
D:5:      layout_basic, gammafunk_temple_overflow_pools, temple_statues
D:6:      layout_basic, nicolae_overflow_crystal_walls, serial_shops,
          nicolae_shop_trees, minmay_misc_feat_diagonals,
          minmay_misc_feat_hallway, uniq_edmund
D:7:      layout_rooms, nicolae_ru_the_path_less_chosen, serial_bayou,
          serial_bayou_pond_e, serial_bayou_pond_b, serial_bayou_lagoon_a,
          serial_bayou_pond_c, serial_bayou_shore_a,
          corexii_item_surrounded_by_moat, uniq_duvessa
D:8:      layout_basic
D:9:      layout_rooms, uniq_erica, uniq_psyche, uniq_jeremiah
D:10:     layout_basic, lair_entry_dummy, serial_shops, shop, enter_trove_0
D:11:     layout_roguey, lemuel_blue_sif_altar
D:12:     layout_basic, orc_david_3, uniq_fannar, uniq_snorg, uniq_erolcha
D:13:     layout_grid_maze, gauntlet_entry_generic, serial_rivers,
          chequers_serial_rivers_small_b, chequers_serial_rivers_micro_a,
          chequers_serial_rivers_micro_b, chequers_serial_rivers_room_b,
          chequers_serial_rivers_micro_c
D:14:     layout_roguey, david_vaults_4, serial_shops,
          nicolae_shop_hallway_plus, minivault_7
D:15:     hangedman_depths_entry_try_elsewhere_first, layout_stronghold,
          nicolae_ashenzari_skybound, okawaru_metal_pillars_3, uniq_roxanne
Temple:   minmay_temple_bridge_d
Lair:1:   layout_regular_city
Lair:2:   layout_loops_ring, elwin_shoals_entry_stream,
          cheibrodos_lair_lostbears, serial_bayou_shore_b, serial_bayou_shore_b
Lair:3:   layout_cellular_growth, nicolae_snake_entry_squirm,
          portal_ice_cave_entry_imps, infiniplex_staircase_pool_2,
          grunt_megastairs_2
Lair:4:   layout_hall_layers, maelrawn_ghost_gauntlet_escape, lemuel_fruit_tree
Lair:5:   hangedman_lair_caniforms_friends, layout_regular_city,
          hangedman_lair_in_review, dpeg_slime_entry_corner
Shoals:1: layout_shoals, serial_shops, nicolae_shop_real_fake_doors, uniq_donald
Shoals:2: layout_shoals, nicolae_shoals_raging_river
Shoals:3: layout_shoals, nicolae_shoals_abyss_on_the_beach
Shoals:4: shoals_end_hangedman, layout_shoals, uniq_polyphemus
Snake:1:  layout_onion, ebering_ghost_inner_flame, serial_shops,
          nicolae_shop_statue_plus, shop_fountains
Snake:2:  layout_concentric_octagons, serial_library_regret_index_turning,
          uniq_mlioglotl, uniq_vashnia
Snake:3:  nrook_guardian_serpent_snake_passage, layout_misc_corridors,
          nicolae_shop_clearance
Snake:4:  johnstein_snake_rune_scales, layout_layer_cave, special_room,
          uniq_aizul
Slime:1:  layout_caves
Slime:2:  layout_caves, nicolae_slime_phagocytosis
Slime:3:  layout_caves, nicolae_slime_welcoming_committee
Slime:4:  layout_caves, basic_altar
Slime:5:  slime_pit_nicolae_royal_road_to_ruin
Orc:1:    layout_diamond_mine, serial_shops, nicolae_shop_bloodbath_and_beyond
Orc:2:    pubby_orc_utopia
Elf:1:    eino_elf_arrival_customs, layout_geoelf_grid,
          nicolae_elf_shapeshifter_party, minivault_14, orc_legates,
          uniq_norris, uniq_jorgrun
Elf:2:    elven_hall_of_blades_hangedman_original
          [nicolae_blade_entry_pointy_end], layout_geoelf_octagon, basic_altar,
          serial_sigils, serial_sigils_hangedman_clutch,
          serial_sigils_hangedman_scratch, serial_sigils_hangedman_etch,
          serial_sigils_hangedman_snap, serial_sigils_hangedman_shear,
          serial_library_hellmonk_recessed_alcove
Elf:3:    minmay_elf_hall_x, layout_rooms, nicolae_fountain_basement
Vaults:1: portal_desolation_entry_holy_temple, vaults_room_pools,
          nicolae_vaults_diagonal_hallway_6, nicolae_vaults_rhombus_5,
          nicolae_vaults_wrenched, nicolae_vaults_house_1, vaults_dpeg_hooks,
          v_alt_pattern_5, nicolae_vaults_shelves_hall, hangedman_vaults_nails,
          nicolae_vaults_trapezoid_lopsided_3, nicolae_vaults_little_squares_3,
          ontoclasm_vaults_fault, v_misc_12, nicolae_vaults_tetromino_T_1,
          layout_vaults_big_room, serial_shops, freezing_bzr
Vaults:2: st_lines, nicolae_vaults_windows_and_doors_thing,
          vaults_mumra_hexcomb, nicolae_vaults_surprise_closet,
          vaults_mumra_chevron_long, nicolae_vaults_house_2,
          nicolae_vaults_meiosis, v_pattern_5, nicolae_vaults_house_1,
          layout_vaults_quadrants, serial_shops, nicolae_shop_drivethru,
          uniq_asterion
Vaults:3: minmay_crypt_entry_simple_walls, v_pattern_3, v_misc_27,
          nicolae_vaults_network_barrier, nicolae_vaults_network_s, v_misc_24,
          gammafunk_sealed_arena, nicolae_vaults_offset_grid_hallway_3,
          nicolae_vaults_more_shelving_2, v_misc_18, vaults_dpeg_doors,
          layout_vaults_maze
Vaults:4: nicolae_vaults_diamond_2, v_misc_32, v_rooms_6,
          nicolae_vaults_puzzle_piece, nicolae_vaults_sightless_eye,
          nicolae_vaults_house_3, v_pattern_1, v_misc_33, grunt_vaults_diagonal,
          vaults_room_hallway, nicolae_vaults_trapezoid_1,
          nicolae_vaults_little_squares_4, layout_vaults_big_cross
Crypt:1:  layout_rooms, basic_altar, uniq_mennas
Crypt:2:  layout_chaotic_city, beargit_elvish_explorers, uniq_josephina
Crypt:3:  quadcrypt_mu, uniq_boris
Depths:1: layout_cave_shapes, enter_ziggurat_a,
          nicolae_hell_entry_hellmouth_sunbeams, abyss_entry, minmay_hedge_maze,
          hangedman_decor_peaks_small, chequers_serial_rivers_room_a,
          kennysheep_treasure_room
Depths:2: grunt_bruiser_brothers, layout_cave_pools, rand_demon_pan_entry_8,
          grunt_hell_entry_dis_grunt, lemuel_round_altar
Depths:3: evilmike_makhleb_hellhole, layout_gridlike,
          nicolae_gozag_seed_capital, abyss_entry_flame_altar, hell_entry,
          grunt_megastairs_3, minmay_staircase_statues_hall_small
Depths:4: evilmike_zot_entry_argh, layout_cave_pools, nicolae_uskayaw_en_pointe,
          hell_entry, nicolae_kikubaaqudgha_miasma_corner
Zot:1:    regret_index_qazlal_generations, layout_gridlike
Zot:2:    layout_gridlike, lemuel_elevator
Zot:3:    layout_onion, zot_minivault_1
Zot:4:    layout_gridville, regret_index_zot_stipple_split, evilmike_ambush
          [evilmike_ambush_outer_basic, evilmike_ambush_inner_pond], uniq_vv
Zot:5:    layout_misc_corridors

Notes
Turn   | Place    | Note
-------+----------+-------------------------------------------
     0 | D:1      | MackTheKnife the Oni Reaver began the quest for the Orb.
     0 | D:1      | Reached XP level 1. HP: 22/22 MP: 3/3
     0 | D:1      | magus.rc [v1.9.6]
    77 | D:1      | Reached skill level 3 in Fighting
   147 | D:1      | Reached XP level 2. HP: 28/32 MP: 5/5
   194 | D:1      | Learned a level 2 spell: Momentum Strike
   493 | D:1      | Reached skill level 4 in Fighting
   493 | D:1      | Reached XP level 3. HP: 35/39 MP: 1/6
   638 | D:1      | Reached skill level 3 in Conjurations
   638 | D:1      | Reached skill level 1 in Translocations
   705 | D:1      | Found a faded altar of an unknown god.
  1147 | D:2      | Reached XP level 4. HP: 49/49 MP: 0/7
  1744 | D:2      | Reached skill level 5 in Fighting
  1744 | D:2      | Reached skill level 2 in Translocations
  2260 | D:3      | Reached XP level 5. HP: 37/57 MP: 8/8
  2379 | D:3      | Found Adusaive's Armour Shoppe.
  3071 | D:3      | Identified the +0 leather armour "Guwuf" {Int+3}
  3234 | D:3      | Reached skill level 6 in Fighting
  3288 | D:4      | Noticed an orc warrior
  3453 | D:4      | You pick up a book of the Senses and begin reading...
  3453 | D:4      | You add the spells Dazzling Flash, Mephitic Cloud, Agony
                  | and Silence to your library.
  3628 | D:4      | Killed an orc warrior
  3629 | D:4      | Reached skill level 7 in Fighting
  3629 | D:4      | Reached XP level 6. HP: 72/72 MP: 9/9
  3659 | D:4      | Reached skill level 8 in Fighting
  3759 | D:4      | Reached XP level 7. HP: 75/81 MP: 7/10
  3801 | D:4      | Reached skill level 9 in Fighting
  3814 | D:4      | Found a glowing golden altar of the Shining One.
  3828 | D:4      | You pick up a book of Cantrips and begin reading...
  3828 | D:4      | You add the spells Sting, Necrotise, Summon Small Mammal
                  | and Apportation to your library.
  3975 | D:5      | Entered Level 5 of the Dungeon
  4225 | D:5      | Reached skill level 10 in Fighting
  4669 | D:5      | Reached skill level 11 in Fighting
  4669 | D:5      | Reached XP level 8. HP: 81/97 MP: 11/11
  5106 | D:5      | Found an ornate altar of the Wu Jian Council.
  5107 | D:5      | Found an iron altar of Okawaru.
  5117 | D:5      | Became a worshipper of Warmaster Okawaru
  5196 | D:5      | Reached skill level 12 in Fighting
  5451 | D:5      | Found a staircase to the Ecumenical Temple.
  5486 | D:5      | magus.rc [v1.9.6]
  5640 | D:6      | Identified the scarf "Rammugeg" {shadows, *Slow rC+++
                  | Dex+3}
  5671 | D:6      | Noticed Edmund
  5682 | D:5      | Reached skill level 4 in Maces & Flails
  5784 | D:6      | Reached * piety under Okawaru
  5865 | D:6      | Found a radiant altar of Vehumet.
  5881 | D:6      | Reached skill level 13 in Fighting
  5933 | D:6      | Found Reemn's Weapon Shop.
  5952 | D:6      | Reached XP level 9. HP: 102/110 MP: 12/12
  6066 | D:6      | Killed Edmund
  6067 | D:6      | Reached skill level 5 in Maces & Flails
  6254 | D:7      | Noticed Duvessa
  6254 | D:7      | Noticed Dowan
  6264 | D:7      | Killed Duvessa
  6265 | D:7      | Killed Dowan
  6386 | D:7      | You pick up a book of Touch and begin reading...
  6386 | D:7      | You add the spells Confusing Touch and Dispel Undead to
                  | your library.
  6488 | D:7      | You pick up a book of Spectacle and begin reading...
  6488 | D:7      | You add the spells Volatile Blastmotes, Starburst and
                  | Maxwell's Capacitive Coupling to your library.
  6540 | D:7      | Reached ** piety under Okawaru
  6650 | D:7      | Reached skill level 14 in Fighting
  6650 | D:7      | Reached skill level 6 in Maces & Flails
  6978 | D:7      | Found a sacrificial altar of Ru.
  7104 | D:8      | You fall into a shaft and drop 3 floors!
  7149 | D:10     | Entered Level 10 of the Dungeon
  7201 | D:10     | Found a staircase to the Lair.
  7208 | D:10     | Found a portal to a secret trove of treasure.
  7228 | D:10     | Reached skill level 7 in Maces & Flails
  7572 | D:9      | Reached *** piety under Okawaru
  7607 | D:9      | Reached XP level 10. HP: 105/123 MP: 13/13
  7661 | D:9      | Reached skill level 15 in Fighting
  7674 | D:9      | Reached skill level 8 in Maces & Flails
  7779 | D:9      | Noticed Erica
  8189 | D:8      | You add the spells Vhi's Electric Charge and Arcjolt to
                  | your library.
  8237 | D:8      | Reached **** piety under Okawaru
  8572 | D:8      | Reached skill level 16 in Fighting
  8574 | D:8      | Reached skill level 9 in Maces & Flails
  8861 | D:9      | Reached skill level 1 in Evocations
  9252 | D:9      | Noticed Jeremiah
  9261 | D:9      | Reached skill level 2 in Evocations
  9263 | D:9      | Killed Jeremiah
  9268 | D:9      | Noticed Psyche
  9284 | D:9      | Killed Psyche
  9285 | D:9      | Reached skill level 3 in Evocations
  9299 | D:9      | Killed Erica
  9299 | D:9      | Reached ***** piety under Okawaru
  9300 | D:9      | Reached skill level 10 in Maces & Flails
  9300 | D:9      | Reached skill level 4 in Evocations
  9300 | D:9      | Reached XP level 11. HP: 67/135 MP: 14/14
  9975 | D:10     | Identified the +3 mace "Trog's Hatred" {venom, Int+2}
 10325 | D:10     | Found Yxuatum's Armour Boutique.
 10380 | D:11     | Noticed a white ugly thing
 10397 | D:11     | Killed a white ugly thing
 10495 | D:11     | Reached skill level 11 in Maces & Flails
 10743 | D:11     | Found a shimmering blue altar of Sif Muna.
 10797 | D:11     | Noticed a purple ugly thing
 10806 | D:11     | Killed a purple ugly thing
 10878 | D:11     | Noticed a cyclops
 10887 | D:11     | Killed a cyclops
 11208 | Lair:1   | Entered Level 1 of the Lair of Beasts
 11209 | Lair:1   | magus.rc [v1.9.6]
 11339 | Lair:1   | Reached skill level 12 in Maces & Flails
 11515 | Lair:1   | Received a gift from Okawaru
 11818 | Lair:1   | Reached skill level 13 in Maces & Flails
 12256 | Lair:2   | Noticed a skyshark
 12268 | Lair:2   | Killed a skyshark
 12269 | Lair:2   | Reached XP level 12. HP: 144/144 MP: 15/15
 12327 | Lair:2   | You pick up a book of Scorching and begin reading...
 12327 | Lair:2   | You add the spells Scorch and Flame Wave to your library.
 12407 | Lair:2   | Reached ****** piety under Okawaru
 12408 | Lair:2   | Acquired the -1 tower shield "Yfil Nuy" {Rampage Dex+2}
 12408 | Lair:2   | Received a gift from Okawaru
 12409 | Lair:2   | Acquired a +6 demon whip of electrocution
 12409 | Lair:2   | Received a gift from Okawaru
 12420 | Lair:2   | Received a gift from Okawaru
 12421 | Lair:2   | Reached skill level 14 in Maces & Flails
 12421 | Lair:2   | Noticed a death yak
 12423 | Lair:2   | Noticed a death yak
 12424 | Lair:2   | Noticed a death yak
 12425 | Lair:2   | Noticed a death yak
 12438 | Lair:2   | Killed a death yak
 12439 | Lair:2   | Reached skill level 2 in Invocations
 12452 | Lair:2   | Killed a death yak
 12453 | Lair:2   | Reached skill level 3 in Invocations
 12459 | Lair:2   | Killed a death yak
 12460 | Lair:2   | Reached skill level 4 in Invocations
 12465 | Lair:2   | Reached skill level 5 in Invocations
 12472 | Lair:2   | Killed a death yak
 12477 | Lair:2   | Reached skill level 6 in Invocations
 12625 | Lair:2   | Received a gift from Okawaru
 12627 | Lair:2   | Reached skill level 7 in Invocations
 12854 | Lair:2   | Reached skill level 8 in Invocations
 12858 | Lair:2   | HP: 23/144 [merfolk/+0 trident (15)]
 13123 | Lair:2   | Found a staircase to the Shoals.
 13804 | Lair:3   | Reached skill level 9 in Invocations
 13861 | Lair:3   | Found a frozen archway.
 13918 | Lair:3   | Reached skill level 10 in Invocations
 13918 | Lair:3   | Reached skill level 1 in Shields
 13932 | Lair:3   | Reached skill level 2 in Shields
 14009 | IceCv    | Entered an ice cave
 14203 | IceCv    | Received a gift from Okawaru
 14204 | IceCv    | Reached skill level 3 in Shields
 14260 | IceCv    | Reached XP level 13. HP: 146/152 MP: 20/20
 14275 | IceCv    | Reached skill level 4 in Shields
 14406 | IceCv    | Reached skill level 5 in Shields
 14541 | IceCv    | Got the Omnibus of Congelation
 14544 | IceCv    | Got the Anthology of Productive Concoctions
 14706 | Lair:3   | Found a staircase to the Snake Pit.
 14893 | Lair:3   | Reached skill level 6 in Shields
 15019 | Lair:3   | You pick up a book of Cantrips and begin reading...
 15091 | Lair:3   | Received a gift from Okawaru
 15097 | Lair:3   | Reached skill level 7 in Shields
 15434 | Lair:4   | Noticed a minotaur
 15435 | Lair:4   | Noticed catramo's ghost (journeyman TrSh)
 15511 | Lair:4   | magus.rc [v1.9.6]
 15589 | Lair:4   | Found a runed translucent gate.
 15589 | Lair:4   | Found a runed translucent gate.
 15599 | Lair:4   | Found a runed translucent gate.
 15684 | Lair:4   | Reached skill level 8 in Shields
 15753 | Lair:4   | You pick up a book of Unlife and begin reading...
 16175 | Lair:4   | Killed a minotaur
 16189 | Lair:4   | Killed catramo's ghost
 16190 | Lair:4   | Reached skill level 9 in Shields
 16228 | Lair:4   | You pick up a book of Necromancy and begin reading...
 16251 | Lair:5   | Entered Level 5 of the Lair of Beasts
 16478 | Lair:5   | Received a gift from Okawaru
 16492 | Lair:5   | Reached skill level 3 in Translocations
 16520 | Lair:5   | Reached skill level 10 in Shields
 16657 | Lair:5   | Reached XP level 14. HP: 150/162 MP: 21/21
 16678 | Lair:5   | Reached skill level 4 in Translocations
 16738 | Lair:5   | Received a gift from Okawaru
 16758 | Lair:5   | Reached skill level 5 in Translocations
 16846 | Lair:5   | Noticed a dire elephant
 16863 | Lair:5   | Killed a dire elephant
 17112 | Lair:5   | Reached skill level 11 in Shields
 17319 | Lair:5   | Received a gift from Okawaru
 17320 | Lair:5   | Reached skill level 6 in Translocations
 17321 | Lair:5   | Found a viscous altar of Jiyva.
 17481 | Lair:5   | HP: 38/162 [eight-headed hydra (9)]
 18191 | Lair:5   | Reached skill level 12 in Shields
 18858 | Lair:5   | Found a staircase to the Slime Pits.
 19085 | D:12     | Received a gift from Okawaru
 19286 | D:12     | Noticed Erolcha
 19295 | D:12     | Killed Erolcha
 19296 | D:12     | Reached XP level 15. HP: 172/172 MP: 22/22
 19344 | D:12     | You pick up a book of Geomancy and begin reading...
 19344 | D:12     | You add the spells Sandblast, Passwall, Stone Arrow and
                  | Brom's Barrelling Boulder to your library.
 19375 | D:12     | Found a staircase to the Orcish Mines.
 19375 | D:12     | Found Zuic's Armour Shoppe.
 19532 | D:12     | Noticed Snorg
 19545 | D:12     | Killed Snorg
 19546 | D:12     | Reached skill level 17 in Fighting
 19780 | D:12     | Noticed Fannar
 19786 | D:12     | Killed Fannar
 20045 | Orc:1    | Entered Level 1 of the Orcish Mines
 20220 | Orc:1    | Found Qitsia's Weapon Shop.
 20220 | Orc:1    | You fall into a shaft and drop 1 floor!
 20220 | Orc:2    | Entered Level 2 of the Orcish Mines
 20232 | Orc:2    | Received a gift from Okawaru
 20304 | Orc:2    | Reached skill level 13 in Shields
 20398 | Orc:2    | You pick up a book of Weapons and begin reading...
 20398 | Orc:2    | You add the spells Dimensional Bullseye and Iskenderun's
                  | Mystic Blast to your library.
 21225 | Orc:2    | Found Myuskoim's Book Shoppe.
 21264 | Orc:2    | Found Jitiaf's Assorted Antiques.
 21342 | Orc:2    | Reached skill level 18 in Fighting
 21513 | Orc:2    | Received a gift from Okawaru
 21595 | Orc:2    | Noticed an orc warlord
 21637 | Orc:2    | Killed an orc warlord
 21688 | Orc:2    | Found Ifeza's Book Emporium.
 21762 | Orc:2    | Found Sofuona Fye's Magic Scroll Boutique.
 21782 | Orc:2    | Bought a scroll of enchant armour for 90 gold pieces
 21782 | Orc:2    | Bought a scroll of teleportation for 36 gold pieces
 21782 | Orc:2    | Bought a scroll of teleportation for 36 gold pieces
 21782 | Orc:2    | Bought 3 scrolls of teleportation for 108 gold pieces
 21782 | Orc:2    | Bought a scroll of identify for 24 gold pieces
 22035 | Orc:2    | Identified the +8 glaive of Punishment {holy, rPois}
 22099 | Orc:2    | Found a staircase to the Elven Halls.
 22266 | Orc:2    | Bought a scroll of revelation for 232 gold pieces
 22266 | Orc:2    | Bought a potion of curing for 93 gold pieces
 22419 | D:13     | Reached skill level 14 in Shields
 22499 | D:13     | Found a gate leading to a gauntlet.
 22504 | Gauntlet | Entered a Gauntlet
 22506 | Gauntlet | Found a transporter.
 22509 | Gauntlet | Found a transporter.
 22512 | Gauntlet | Found a transporter.
 22520 | Gauntlet | Found a transporter.
 22524 | Gauntlet | Found a transporter.
 22561 | Gauntlet | Found a transporter.
 22576 | Gauntlet | Found a transporter.
 22584 | Gauntlet | Found a transporter.
 22604 | Gauntlet | Found a transporter.
 22610 | Gauntlet | Found a transporter.
 22620 | Gauntlet | Found a transporter.
 22634 | Gauntlet | Found a transporter.
 22763 | Gauntlet | You pick up a book of Touch and begin reading...
 22798 | Gauntlet | Reached skill level 19 in Fighting
 22833 | Gauntlet | Gained mutation: You are frail. (-10% HP) [a shining eye]
 22850 | Gauntlet | Lost mutation: You are frail. (-10% HP) [potion of
                  | mutation]
 22850 | Gauntlet | Gained mutation: Armour fits poorly on your strangely
                  | shaped body. [potion of mutation]
 22850 | Gauntlet | Gained mutation: You have sharp toenails. [potion of
                  | mutation]
 22850 | Gauntlet | Gained mutation: You have a pair of horns on your head.
                  | [potion of mutation]
 22850 | Gauntlet | Gained mutation: Your spells are a little harder to cast,
                  | but a little more powerful. [potion of mutation]
 22851 | Gauntlet | Lost mutation: Your spells are a little harder to cast, but
                  | a little more powerful. [potion of mutation]
 22851 | Gauntlet | Lost mutation: Armour fits poorly on your strangely shaped
                  | body. [potion of mutation]
 22851 | Gauntlet | Gained mutation: Your mind is acute. (Int +4, Str/Dex -1)
                  | [potion of mutation]
 22851 | Gauntlet | Gained mutation: You are weak. (Str -2) [potion of
                  | mutation]
 22851 | Gauntlet | Gained mutation: You are vulnerable to heat. (rF-) [potion
                  | of mutation]
 22851 | Gauntlet | Gained mutation: You expend magic power (3 MP) to
                  | strengthen your wands. [potion of mutation]
 22852 | Gauntlet | Lost mutation: You have a pair of horns on your head.
                  | [potion of mutation]
 22852 | Gauntlet | Lost mutation: You expend magic power (3 MP) to strengthen
                  | your wands. [potion of mutation]
 22852 | Gauntlet | Lost mutation: You are weak. (Str -2) [potion of mutation]
 22852 | Gauntlet | Gained mutation: You possess an exceptional clarity of
                  | mind. [potion of mutation]
 22852 | Gauntlet | Gained mutation: You are somewhat resistant to further
                  | mutation. [potion of mutation]
 22853 | Gauntlet | Lost mutation: You are vulnerable to heat. (rF-) [potion of
                  | mutation]
 22853 | Gauntlet | Lost mutation: You have sharp toenails. [potion of
                  | mutation]
 22853 | Gauntlet | Lost mutation: You are somewhat resistant to further
                  | mutation. [potion of mutation]
 22853 | Gauntlet | Gained mutation: Your magical capacity is low. (-10% MP)
                  | [potion of mutation]
 22853 | Gauntlet | Gained mutation: You have sharp toenails. [potion of
                  | mutation]
 22977 | Gauntlet | Identified the ring "Wynteuni" {*Slow Str+3 Int+6 Dex+5
                  | Stlth-}
 22989 | Gauntlet | Identified the staff "Qomokhen" {rF+ Fire Air}
 22990 | Gauntlet | You pick up a book of Minor Magic and begin reading...
 22990 | Gauntlet | You add the spells Magic Dart and Blink to your library.
 23584 | D:13     | You pick up a book of Decay and begin reading...
 23609 | D:13     | Reached XP level 16. HP: 180/189 MP: 21/21
 24294 | D:14     | Received a gift from Okawaru
 24387 | D:14     | HP: 47/192 [something (9)]
 24602 | D:14     | Found Casi's Assorted Antiques.
 24655 | D:14     | Bought a potion of curing for 63 gold pieces
 24655 | D:14     | Bought a dark potion for 18 gold pieces
 24756 | D:14     | You pick up a book of Dreams and begin reading...
 24756 | D:14     | You add the spells Ensorcelled Hibernation, Fugue of the
                  | Fallen and Anguish to your library.
 24768 | D:14     | Found a gate to the Vaults.
 25085 | D:15     | Entered Level 15 of the Dungeon
 25197 | D:15     | Reached skill level 20 in Fighting
 25299 | D:15     | Found an iron altar of Okawaru.
 25441 | D:15     | Reached skill level 15 in Shields
 25513 | D:15     | Found a broken altar of Ashenzari.
 25515 | D:15     | Noticed Roxanne
 26256 | D:15     | Found a staircase to the Depths.
 26641 | Lair:1   | Learned a level 2 spell: Blink
 26643 | Lair:1   | Learned a level 1 spell: Apportation
 26700 | Snake:1  | Entered Level 1 of the Snake Pit
 26711 | Snake:1  | Found Uxaal's Distillery.
 27086 | Snake:1  | Found Heremuxt's Armour Boutique.
 27115 | Snake:1  | Bought the +2 hat of the Bear Spirit {Spirit, Bear, *Rage
                  | Will++} for 663 gold pieces
 27115 | Snake:1  | Found the +2 hat of the Bear Spirit {Spirit, Bear, *Rage
                  | Will++}
 27161 | Snake:1  | Received a gift from Okawaru
 27162 | Snake:1  | Reached skill level 21 in Fighting
 27214 | Snake:1  | Bought a potion of heal wounds for 80 gold pieces
 27214 | Snake:1  | Bought a potion of heal wounds for 80 gold pieces
 27214 | Snake:1  | Bought a potion of resistance for 160 gold pieces
 27214 | Snake:1  | Bought a potion of curing for 48 gold pieces
 27214 | Snake:1  | Bought a potion of curing for 48 gold pieces
 27244 | Snake:1  | Found a runed translucent door.
 27643 | Snake:1  | Noticed Casseolirch's ghost (adept GrEE)
 27657 | Snake:1  | Killed Casseolirch's ghost
 27788 | Snake:1  | magus.rc [v1.9.6]
 28022 | D:15     | Killed Roxanne
 28236 | Snake:2  | Noticed Mlioglotl
 28255 | Snake:2  | Killed Mlioglotl
 28256 | Snake:2  | Reached skill level 1 in Shapeshifting
 28341 | Snake:2  | Noticed Vashnia
 28346 | Snake:2  | Reached skill level 2 in Shapeshifting
 28383 | Snake:2  | Reached skill level 22 in Fighting
 28383 | Snake:2  | Reached skill level 3 in Shapeshifting
 28399 | Snake:2  | Killed Vashnia
 28400 | Snake:2  | Reached XP level 17. HP: 180/208 MP: 9/22
 28402 | Snake:2  | Reached skill level 4 in Shapeshifting
 28455 | Snake:2  | Reached skill level 5 in Shapeshifting
 28898 | Snake:2  | Reached skill level 6 in Shapeshifting
 29405 | Snake:3  | Reached skill level 7 in Shapeshifting
 29455 | Snake:3  | Identified the +7 spear "Heangeda" {drain, rElec}
 29799 | Snake:3  | Found Comitex's CLEARANCE SALE!.
 29806 | Snake:3  | Bought a scroll of identify for 12 gold pieces
 29909 | Snake:4  | Entered Level 4 of the Snake Pit
 29939 | Snake:4  | Reached skill level 8 in Shapeshifting
 30001 | Snake:4  | Received a gift from Okawaru
 30210 | Snake:3  | a +0 scimitar {long}; +0 shadow dragon scales {rare}; a
                  | naga corpse
 30225 | Snake:3  | Identified the +0 helmet of the Kodama {*Slow rF+ rC+
                  | Str+4}
 30264 | Snake:3  | a +0 scimitar {long}; +0 shadow dragon scales {rare}; a
                  | naga corpse
 30333 | Snake:4  | Reached skill level 9 in Shapeshifting
 30630 | Snake:4  | Reached skill level 10 in Shapeshifting
 30718 | Snake:4  | Received a gift from Okawaru
 31168 | Snake:4  | Identified a scroll of acquirement
 31170 | Snake:4  | Identified the serpent talisman of Zistriul {rF+}
 31170 | Snake:4  | Noticed Aizul
 31196 | Snake:4  | Killed Aizul
 31223 | Snake:4  | Acquired the ring "Veng" {rPois rF+ Will+ Int-3}
 31536 | Snake:4  | Reached skill level 11 in Shapeshifting
 32082 | Snake:4  | Reached XP level 18. HP: 218/218 MP: 22/22
 32129 | Snake:4  | Got a serpentine rune of Zot
 32450 | Shoals:1 | Entered Level 1 of the Shoals
 32478 | Shoals:1 | Received a gift from Okawaru
 32507 | Shoals:1 | Reached skill level 12 in Shapeshifting
 32652 | Shoals:1 | Found Acaca's General Store.
 32655 | Shoals:1 | Bought a potion of cancellation for 152 gold pieces
 32928 | Shoals:1 | Noticed Donald
 32950 | Shoals:1 | HP: 51/218 [Donald/+4 long sword of flaming (40)]
 32952 | Shoals:1 | Killed Donald
 33699 | Shoals:2 | X - +0 storm dragon scales {rare}
 33807 | D:10     | your +0 storm dragon scales {rare} glow green for a moment.
 33808 | D:10     | your +1 storm dragon scales {rare} glow green for a moment.
 33813 | D:10     | You paid a toll of +2 storm dragon scales to enter a
                  | treasure trove
 33814 | Trove    | Entered a treasure trove
 33825 | Trove    | Identified a potion of experience
 33830 | Trove    | Reached skill level 13 in Shapeshifting
 33830 | Trove    | Reached XP level 19. HP: 226/226 MP: 23/23
 33859 | Trove    | Identified the ring "Biofys" {rElec rN+ SInv}
 34415 | Shoals:2 | Reached skill level 14 in Shapeshifting
 34575 | Shoals:3 | Found a runed translucent door.
 34599 | Shoals:3 | Found a corrupted altar of Lugonu.
 34630 | Shoals:3 | Found a one-way gate to the infinite horrors of the Abyss.
 34674 | Shoals:3 | Identified the +5 falchion of the Yoke {venom, rElec rF+
                  | Str+3}
 34748 | Shoals:3 | You pick up a book of Necromancy and begin reading...
 35100 | Shoals:3 | Identified the +8 flail of Iconoclasm {flame, Dex+4}
 35414 | Shoals:3 | Lost mutation: Your mind is acute. (Int +4, Str/Dex -1) [a
                  | shining eye]
 35416 | Shoals:3 | Received a gift from Okawaru
 35423 | Shoals:3 | Identified the amulet "Kottuit" {Reflect Will+ SH+5}
 35481 | Shoals:4 | Entered Level 4 of the Shoals
 35540 | Shoals:4 | Reached skill level 15 in Shapeshifting
 35737 | Shoals:4 | Got a barnacled rune of Zot
 35961 | Shoals:4 | Got Leda's Tractate on Geomancy
 36172 | Shoals:4 | Reached skill level 16 in Shapeshifting
 36181 | Shoals:4 | Identified the ring of Xom's Ringing Laughter {rElec rCorr
                  | Dex+2 SInv}
 36219 | Shoals:4 | Noticed Polyphemus
 36255 | Shoals:4 | Killed Polyphemus
 36532 | Shoals:4 | Got Totsu's Essays on the Sun and Concoctions
 36904 | Vaults:1 | Entered Level 1 of the Vaults
 36984 | Vaults:1 | Reached XP level 20. HP: 239/239 MP: 17/24
 37004 | Vaults:1 | Found a flickering gateway to a bazaar.
 37014 | Bazaar   | Entered a bazaar
 37014 | Bazaar   | Found Miuma's Antique Armour Shop.
 37022 | Bazaar   | Found Ystroi's General Store.
 37031 | Bazaar   | Found Hajonob's Magic Scroll Shop.
 37037 | Bazaar   | Found Regeosoju's Magic Scroll Shop.
 37044 | Bazaar   | Bought a scroll of enchant armour for 67 gold pieces
 37044 | Bazaar   | Bought a scroll of enchant armour for 67 gold pieces
 37044 | Bazaar   | Found Ytafit's Antique Armour Shop.
 37051 | Bazaar   | Bought an ichor-stained kite shield for 323 gold pieces
 37051 | Bazaar   | Identified the +4 kite shield of Wu Jian, Thieving {rPois
                  | rF+ Dex-3} (You bought it in a shop in a bazaar)
 37093 | Vaults:1 | Found a glowing golden altar of the Shining One.
 37104 | Vaults:1 | Found a crumbling gateway.
 37117 | Vaults:1 | Found a white marble altar of Elyvilon.
 37117 | Vaults:1 | Found a glowing silver altar of Zin.
 37131 | Desolati | Entered the Desolation of Salt
 37231 | Desolati | Reached skill level 23 in Fighting
 37294 | Desolati | Received a gift from Okawaru
 37535 | Desolati | Found the +8 mithril axe "Arga" {speed, Will+}
 37535 | Desolati | Found the +3 robe of Clouds {*Thunder rCloud rElec}
 37618 | Desolati | Reached skill level 1 in Axes
 37621 | Desolati | Reached skill level 24 in Fighting
 37679 | Desolati | Reached skill level 2 in Axes
 37697 | Desolati | You add the spells Foxfire and Bombard to your library.
 37697 | Desolati | Got the Disquisition on Arcane Combat
 37700 | Desolati | Identified the +0 pair of boots "Qeuclu" {Int+2}
 37717 | Desolati | Got Xoilet's Atlas of Assaults and Support
 37876 | Desolati | Reached skill level 3 in Axes
 38029 | Desolati | Identified the +5 shortbow of Success {drain, Dex+3}
 38031 | Desolati | You add the spells Swiftness and Leda's Liquefaction to
                  | your library.
 38031 | Desolati | Got Yhatabicw's Elucidation of the Fulgurant Alembic
 38032 | Desolati | Identified the +2 arbalest of Tazxigae {heavy, *Corrode
                  | MP+9 Stlth+}
 38034 | Desolati | Identified the +5 flail of Ravage {venom, rElec Str+2}
 38054 | Desolati | Found the +3 Elemental Staff {ele, rElec rF+ rC+ AC+3}
 38114 | Desolati | Reached skill level 4 in Axes
 38418 | Vaults:1 | You pick up a book of Party Tricks and begin reading...
 38418 | Vaults:1 | You add the spells Jinxbite and Alistair's Intoxication to
                  | your library.
 38456 | Vaults:1 | Reached skill level 5 in Axes
 38742 | Vaults:1 | Received a gift from Okawaru
 38776 | Vaults:1 | Reached skill level 6 in Axes
 38957 | Vaults:1 | Reached skill level 25 in Fighting
 39122 | Vaults:1 | Reached skill level 7 in Axes
 39444 | Vaults:2 | Reached XP level 21. HP: 257/257 MP: 25/25
 39535 | Vaults:2 | Reached skill level 2 in Dodging
 39631 | Vaults:2 | Reached skill level 3 in Dodging
 39732 | Vaults:2 | Noticed Asterion
 39746 | Vaults:2 | Killed Asterion
 39856 | Vaults:2 | Found a transporter.
 39858 | Vaults:2 | Found Imuular's Magic Scroll Emporium.
 39881 | Vaults:2 | Reached skill level 4 in Dodging
 40180 | Vaults:2 | Found a transporter.
 40333 | Vaults:2 | Received a gift from Okawaru
 40431 | Vaults:2 | Reached skill level 5 in Dodging
 40457 | Vaults:2 | Reached skill level 26 in Fighting
 40854 | Vaults:2 | Reached skill level 6 in Dodging
 40963 | Vaults:2 | magus.rc [v1.9.6]
 41106 | Vaults:3 | a +0 arbalest {crossbow}; quicksilver dragon scales {rare};
                  | a yaktaur corpse
 41413 | Vaults:3 | Received a gift from Okawaru
 41431 | Vaults:3 | Reached skill level 7 in Dodging
 41471 | Vaults:3 | Found a staircase to the Crypt.
 41648 | Vaults:3 | Found a transporter.
 41660 | Vaults:3 | Found a transporter.
 41667 | Vaults:3 | Found the macabre finger necklace {Finger+ rN+}
 41729 | Vaults:3 | Reached skill level 27 in Fighting
 41729 | Vaults:3 | Reached skill level 8 in Dodging
 41935 | Vaults:3 | Received a gift from Okawaru
 42102 | Vaults:3 | Reached skill level 9 in Dodging
 42112 | Vaults:3 | Reached XP level 22. HP: 275/275 MP: 24/26
 42570 | Temple   | Entered the Ecumenical Temple
 42643 | Temple   | Fell from the grace of Okawaru
 42643 | Temple   | Became a worshipper of Makhleb the Destroyer
 42985 | Vaults:4 | Reached skill level 10 in Dodging
 43112 | Vaults:4 | Reached skill level 8 in Axes
 43441 | Vaults:4 | Acquired the ring of Descent {Fly rC+ rCorr Stlth+}
 43807 | Vaults:4 | Reached skill level 9 in Axes
 43860 | Vaults:4 | Reached * piety under Makhleb
 44188 | Vaults:4 | Reached skill level 10 in Axes
 44666 | Elf:1    | Entered Level 1 of the Elven Halls
 44738 | Elf:1    | Noticed Norris
 44747 | Elf:1    | Killed Norris
 44809 | Elf:1    | Noticed Jorgrun
 44818 | Elf:1    | Killed Jorgrun
 44835 | Elf:1    | You add the spells Mercury Vapours and Olgreb's Toxic
                  | Radiance to your library.
 44910 | Elf:1    | Reached ** piety under Makhleb
 44911 | Elf:1    | Reached skill level 11 in Axes
 45497 | Elf:1    | Paralysed by an air elemental for 1 turns
 45623 | Elf:1    | Found a runed translucent gate.
 45623 | Elf:1    | Found a runed translucent gate.
 45623 | Elf:1    | Found a runed translucent gate.
 45623 | Elf:1    | Found a runed translucent gate.
 45624 | Elf:1    | Found a runed translucent gate.
 45624 | Elf:1    | Found a runed translucent gate.
 45758 | Elf:1    | Reached skill level 12 in Axes
 45789 | Elf:1    | You add the spells Ignite Poison and Freezing Cloud to your
                  | library.
 45999 | Elf:2    | Found a shimmering blue altar of Sif Muna.
 46223 | Elf:2    | Reached *** piety under Makhleb
 46301 | Elf:2    | Reached skill level 13 in Axes
 46361 | Elf:2    | Paralysed by an air elemental for 1 turns
 46770 | Elf:2    | Found a runed translucent gate.
 46770 | Elf:2    | Found a runed translucent gate.
 46771 | Elf:2    | Found a runed translucent gate.
 46933 | Elf:3    | Entered Level 3 of the Elven Halls
 47017 | Elf:3    | Reached skill level 14 in Axes
 47020 | Elf:3    | Reached XP level 23. HP: 284/284 MP: 23/27
 47090 | Elf:3    | Reached **** piety under Makhleb
 47644 | Elf:3    | Identified the +7 chain mail of the Trombone {rPois rF+
                  | rN+++ Int-3}
 48232 | Elf:3    | Identified the ring of Puas {Fly rC+ EV+5 Int-2}
 48242 | Elf:3    | Reached skill level 15 in Axes
 48255 | Elf:3    | Identified the +6 mace of Doomed Guilt {flame, MP+9 Int+2
                  | Dex+3}
 48255 | Elf:3    | Identified the staff of Iconoclasm {MP+9 SInv Conj Ice}
 48304 | Elf:3    | Identified the +3 ring mail "Wuesomny" {Fly Str+4}
 48462 | Elf:3    | You pick up a book of the Moon and begin reading...
 48462 | Elf:3    | You add the spells Passage of Golubria and Lehudib's
                  | Crystal Spear to your library.
 48465 | Elf:3    | You pick up a book of Air and begin reading...
 48465 | Elf:3    | You add the spells Shock and Airstrike to your library.
 48472 | Elf:3    | Identified the staff "Rot Suenu" {rElec Dex+2 SInv Fire
                  | Air}
 48478 | Elf:3    | You pick up a book of Air and begin reading...
 48481 | Elf:3    | You pick up a book of Hexes and begin reading...
 48481 | Elf:3    | You add the spells Cause Fear and Enfeeble to your library.
 48483 | Elf:3    | You add the spells Sticky Flame and Ignition to your
                  | library.
 48487 | Elf:3    | You pick up a book of Burglary and begin reading...
 48506 | Elf:3    | Got Rojeigg's Meditations on Inhalation
 48507 | Elf:3    | Identified the staff of Kozareut {rPois rC+ Dex-4 Summ Tloc
                  | Ice}
 48514 | Elf:3    | Identified the +0 robe of Hadjma {Int+2}
 48526 | Elf:3    | You add the spells Gell's Gravitas, Teleport Other and
                  | Dispersal to your library.
 48532 | Elf:3    | You pick up a book of Cantrips and begin reading...
 48599 | Elf:3    | Learned a level 4 spell: Passage of Golubria
 48604 | Elf:3    | Learned a level 4 spell: Vhi's Electric Charge
 48974 | Crypt:1  | Entered Level 1 of the Crypt
 48974 | Crypt:1  | Noticed a curse skull
 48980 | Crypt:1  | Killed a curse skull
 49135 | Crypt:1  | Found a basalt altar of Yredelemnul.
 49162 | Crypt:1  | Noticed Mennas
 49169 | Crypt:1  | Reached ***** piety under Makhleb
 49192 | Crypt:1  | Killed Mennas
 49416 | Crypt:1  | You pick up a book of Geomancy and begin reading...
 49580 | Crypt:2  | Was forgiven by Okawaru
 49763 | Crypt:2  | Noticed a curse skull
 49770 | Crypt:2  | Killed a curse skull
 49940 | Crypt:2  | Reached skill level 11 in Dodging
 50258 | Crypt:2  | Reached skill level 16 in Shields
 50293 | Crypt:2  | Identified the ring of Yesterday {Ice Will- rCorr Int+2}
 50293 | Crypt:2  | Noticed Josephina
 50310 | Crypt:2  | Killed Josephina
 50443 | Crypt:2  | Noticed a dread lich
 50457 | Crypt:2  | Gained mutation: Your body sometimes deteriorates upon
                  | taking damage. [a cacodemon]
 50458 | Crypt:2  | Killed a dread lich
 50475 | Crypt:2  | Identified the +2 robe of Semeoc {Regen+ Int+6 Dex-3}
 50475 | Crypt:2  | Identified the +7 longbow "Qoiskum" {flame, rElec}
 50609 | Crypt:3  | Entered Level 3 of the Crypt
 50952 | Crypt:3  | Reached skill level 12 in Dodging
 50991 | Crypt:3  | Reached XP level 24. HP: 295/295 MP: 27/27
 51020 | Crypt:3  | Noticed a curse skull
 51028 | Crypt:3  | Killed a curse skull
 51191 | Crypt:3  | Identified the ring of Suc Ass {Wiz rCorr Dex+2}
 51205 | Crypt:3  | Found a staircase to the Tomb.
 51205 | Crypt:3  | Noticed an ancient lich
 51211 | Crypt:3  | Killed an ancient lich
 51214 | Crypt:3  | You pick up a book of Conjurations {@e2} and begin
                  | reading...
 51214 | Crypt:3  | You add the spells Searing Ray and Fulminant Prism to your
                  | library.
 51253 | Crypt:3  | Reached ****** piety under Makhleb
 51634 | Crypt:3  | You add the spells Borgnjor's Revivification and Death's
                  | Door to your library.
 51634 | Crypt:3  | Got the Vademecum on Spectres
 51687 | Crypt:3  | Noticed Boris
 51704 | Crypt:3  | Killed Boris
 51911 | Crypt:3  | Reached skill level 17 in Shields
 51921 | Crypt:3  | Found an ancient bone altar of Kikubaaqudgha.
 51925 | Crypt:3  | Noticed a dread lich
 51949 | Crypt:3  | Killed a dread lich
 52042 | Crypt:3  | Identified the ring "Faer" {rF+ rCorr Int-3 Dex+6 Stlth+}
 52045 | Crypt:3  | Noticed an ancient lich
 52063 | Crypt:3  | Killed an ancient lich
 52117 | Crypt:3  | You pick up a book of Air and begin reading...
 52120 | Crypt:3  | You pick up a book of Power and begin reading...
 52514 | Depths:1 | Entered Level 1 of the Depths
 52525 | Depths:1 | Reached skill level 13 in Dodging
 52716 | Depths:1 | Found a one-way gateway to a ziggurat.
 53012 | Depths:1 | Found a gateway to Hell.
 53079 | Depths:1 | Found a runed translucent door.
 53103 | Depths:1 | Reached skill level 14 in Dodging
 53393 | Depths:2 | Reached skill level 18 in Shields
 53404 | Depths:2 | Reached skill level 1 in Air Magic
 53409 | Depths:2 | Reached skill level 3 in Spellcasting
 53417 | Depths:2 | Reached skill level 7 in Translocations
 53464 | Depths:2 | Reached skill level 2 in Air Magic
 53548 | Depths:2 | Reached skill level 4 in Spellcasting
 53624 | Depths:2 | Reached skill level 3 in Air Magic
 53806 | Depths:2 | Reached skill level 5 in Spellcasting
 53806 | Depths:2 | Reached XP level 25. HP: 304/304 MP: 25/27
 54214 | Depths:4 | Entered Level 4 of the Depths
 54220 | Depths:4 | Reached skill level 8 in Translocations
 54222 | Depths:4 | Reached skill level 4 in Air Magic
 54239 | Depths:4 | Reached skill level 6 in Spellcasting
 54254 | Depths:4 | Found a gate to the Realm of Zot.
 54289 | Depths:4 | Got a midnight gem with 578 turns to spare
 54345 | Depths:4 | Reached skill level 5 in Air Magic
 54490 | Depths:4 | Reached skill level 7 in Spellcasting
 54510 | Depths:4 | Found a hide-covered altar of Uskayaw.
 54561 | Depths:4 | Found an ancient bone altar of Kikubaaqudgha.
 54687 | Depths:4 | Lost the midnight gem through the power of Zot.Gained a
                  | life (12 lives remaining)
 54752 | Depths:3 | Found a corrupted altar of Lugonu.
 54909 | Depths:3 | Found a burning altar of Makhleb.
 54991 | Depths:3 | Found the +7 sceptre of Torment {pain, torment}
 54994 | Depths:3 | Acquired a manual of Invocations
 55000 | Depths:3 | Identified the ring of Twilight {Int+3 Dex+6}
 55010 | Depths:3 | Identified the +6 quarterstaff of Causality {freeze, rF++
                  | Str+3}
 55085 | Depths:3 | Identified the staff of the Walnut {rElec rPois rC+ Will+
                  | Air}
 55121 | Depths:3 | Reached skill level 6 in Air Magic
 55250 | Depths:3 | Reached skill level 8 in Spellcasting
 55301 | Depths:3 | Reached skill level 9 in Spellcasting
 55543 | Depths:2 | Found a one-way gate leading to the halls of Pandemonium.
 55684 | Depths:2 | Found a glowing golden altar of the Shining One.
 56107 | Slime:1  | Entered Level 1 of the Pits of Slime
 56202 | Slime:2  | Gained mutation: Your magical capacity is very low. (-20%
                  | MP) [a shining eye]
 56215 | Slime:3  | Gained mutation: Your magical capacity is extremely low.
                  | (-30% MP) [a shining eye]
 56217 | Slime:3  | Lost mutation: You possess an exceptional clarity of mind.
                  | [a shining eye]
 56231 | Slime:3  | Reached skill level 10 in Spellcasting
 56236 | Slime:3  | Reached skill level 7 in Air Magic
 56244 | Slime:3  | Reached skill level 9 in Translocations
 56268 | Slime:3  | Gained mutation: You have hidden genetic defects. [a
                  | shining eye]
 56271 | Slime:3  | Gained mutation: You are weak. (Str -2) [a shining eye]
 56273 | Slime:3  | Lost mutation: Your body sometimes deteriorates upon taking
                  | damage. [potion of mutation]
 56273 | Slime:3  | Lost mutation: You are weak. (Str -2) [potion of mutation]
 56273 | Slime:3  | Lost mutation: You have hidden genetic defects. [potion of
                  | mutation]
 56273 | Slime:3  | Gained mutation: You occasionally lose the ability to read
                  | scrolls when taking damage. [potion of mutation]
 56273 | Slime:3  | Lost mutation: You have sharp toenails. [potion of
                  | mutation]
 56273 | Slime:3  | Gained mutation: You possess an exceptional clarity of
                  | mind. [potion of mutation]
 56274 | Slime:3  | Lost mutation: You possess an exceptional clarity of mind.
                  | [potion of mutation]
 56274 | Slime:3  | Lost mutation: Your magical capacity is extremely low.
                  | (-30% MP) [potion of mutation]
 56274 | Slime:3  | Lost mutation: Your magical capacity is very low. (-20% MP)
                  | [potion of mutation]
 56274 | Slime:3  | Gained mutation: You passively map a small area around you.
                  | [potion of mutation]
 56274 | Slime:3  | Gained mutation: You have sharp fingernails. [potion of
                  | mutation]
 56275 | Slime:3  | Lost mutation: You occasionally lose the ability to read
                  | scrolls when taking damage. [potion of mutation]
 56275 | Slime:3  | Lost mutation: Your magical capacity is low. (-10% MP)
                  | [potion of mutation]
 56275 | Slime:3  | Gained mutation: Your body sometimes deteriorates upon
                  | taking damage. [potion of mutation]
 56275 | Slime:3  | Gained mutation: Your flesh is cold resistant. (rC+)
                  | [potion of mutation]
 56344 | Slime:5  | Entered Level 5 of the Pits of Slime
 56446 | Slime:5  | Reached skill level 8 in Air Magic
 56591 | Slime:5  | Noticed the Royal Jelly
 56597 | Slime:5  | Killed the Royal Jelly
 56627 | Slime:5  | Gained mutation: Armour fits poorly on your strangely
                  | shaped body. [a shining eye]
 56628 | Slime:5  | Gained mutation: Potions are less effective at restoring
                  | your health. [a shining eye]
 56630 | Slime:5  | Reached skill level 9 in Air Magic
 56845 | Slime:5  | Reached skill level 11 in Invocations
 56879 | Slime:5  | Reached skill level 12 in Invocations
 56899 | Slime:5  | Gained mutation: You are vulnerable to heat. (rF-) [a
                  | shining eye]
 56928 | Slime:5  | Reached skill level 13 in Invocations
 56943 | Slime:5  | Found the +7 mace of Variability {chaos, chaos arc}
 56948 | Slime:5  | You pick up a book of Scorching and begin reading...
 56949 | Slime:5  | Identified the staff of the Charming Viper {rPois rC+ rCorr
                  | Conj Air Alchemy}
 56970 | Slime:5  | Acquired a manual of Axes
 57001 | Slime:5  | You pick up a book of Blood and begin reading...
 57002 | Slime:5  | Identified the ring "Neh Qext" {rElec Will+ rCorr Int+3
                  | Dex-4}
 57019 | Slime:5  | Identified the +7 orcbow "Xioxas" {flame, MP-9 Dex+3
                  | Stlth+}
 57034 | Slime:5  | Got a slimy rune of Zot
 57038 | Slime:5  | Got Sif Muna's Quarto of Battle Magic and Reagents
 57062 | Slime:5  | Lost mutation: Your body sometimes deteriorates upon taking
                  | damage. [potion of mutation]
 57062 | Slime:5  | Lost mutation: Armour fits poorly on your strangely shaped
                  | body. [potion of mutation]
 57062 | Slime:5  | Lost mutation: You have sharp fingernails. [potion of
                  | mutation]
 57062 | Slime:5  | Gained mutation: Your spells are a little harder to cast,
                  | but a little more powerful. [potion of mutation]
 57062 | Slime:5  | Gained mutation: You are agile. (Dex +4, Str/Int -1)
                  | [potion of mutation]
 57063 | Slime:5  | Lost mutation: Your spells are a little harder to cast, but
                  | a little more powerful. [potion of mutation]
 57063 | Slime:5  | Lost mutation: You are vulnerable to heat. (rF-) [potion of
                  | mutation]
 57063 | Slime:5  | Lost mutation: You are agile. (Dex +4, Str/Int -1) [potion
                  | of mutation]
 57063 | Slime:5  | Lost mutation: You passively map a small area around you.
                  | [potion of mutation]
 57063 | Slime:5  | Gained mutation: You have supernaturally acute eyesight.
                  | (SInv) [potion of mutation]
 57063 | Slime:5  | Gained mutation: Your system is resistant to poisons.
                  | (rPois) [potion of mutation]
 57072 | Slime:5  | You pick up a book of Death and begin reading...
 57455 | Depths:1 | Voluntarily entered the Abyss.
 57554 | Abyss:1  | Reached XP level 26. HP: 314/314 MP: 36/37
 57735 | Abyss:1  | Noticed a dread lich
 57746 | Abyss:1  | Killed a dread lich
 57747 | Abyss:1  | Reached skill level 14 in Invocations
 57848 | Abyss:1  | Reached skill level 15 in Invocations
 57972 | Abyss:1  | Reached skill level 16 in Invocations
 58017 | Abyss:1  | Gained mutation: You are weak. (Str -2) [a neqoxec]
 58055 | Abyss:1  | Noticed a dread lich
 58068 | Abyss:1  | Reached skill level 17 in Invocations
 58069 | Abyss:1  | Killed a dread lich
 58283 | Abyss:1  | Found a corrupted altar of Lugonu.
 58309 | Abyss:1  | Found a corrupted altar of Lugonu.
 58351 | Abyss:1  | Reached skill level 18 in Invocations
 58403 | Abyss:1  | Reached skill level 16 in Axes
 58409 | Depths:1 | You pass through the gate.
 58409 | Depths:1 | Escaped the Abyss
 58915 | Depths:1 | Voluntarily entered the Abyss.
 58942 | Abyss:1  | Found a corrupted altar of Lugonu.
 59078 | Abyss:1  | Gained mutation: You occasionally lose the ability to drink
                  | potions when taking damage. [a neqoxec]
 59220 | Abyss:1  | Reached skill level 17 in Axes
 59255 | Abyss:1  | Found a corrupted altar of Lugonu.
 59258 | Abyss:1  | Found a corrupted altar of Lugonu.
 59263 | Abyss:1  | Found a bloodstained altar of Trog.
 59368 | Abyss:1  | Reached skill level 18 in Axes
 59383 | Depths:1 | You pass through the gate.
 59383 | Depths:1 | Escaped the Abyss
 59486 | Zot:1    | Entered Level 1 of the Realm of Zot
 59544 | Zot:1    | +0 storm dragon scales {rare}; a storm dragon corpse
 59808 | Zot:1    | Reached skill level 19 in Axes
 59955 | Zot:1    | Reached skill level 20 in Axes
 60419 | Zot:1    | Noticed an ancient lich
 60420 | Zot:1    | Noticed an electric golem
 60427 | Zot:1    | Killed an ancient lich
 60435 | Zot:1    | Killed an electric golem
 60481 | Zot:1    | Reached XP level 27. HP: 323/323 MP: 36/37
 60493 | Zot:1    | Reached skill level 17 in Shapeshifting
 60515 | Zot:1    | Found the +8 demon trident "Rift" {distort, reach+}
 60519 | Zot:1    | Found a stormy altar of Qazlal.
 60841 | Zot:4    | Reached skill level 18 in Shapeshifting
 60891 | Zot:4    | Identified +0 gold dragon scales
 60893 | Zot:4    | +0 gold dragon scales {rare}; a golden dragon corpse
 60899 | Zot:4    | +0 gold dragon scales {rare}; a golden dragon corpse
 60901 | Zot:4    | +0 gold dragon scales {rare}; a golden dragon corpse
 60916 | Zot:4    | +0 gold dragon scales {rare}; a golden dragon corpse
 60951 | Zot:4    | +0 gold dragon scales {rare}; a golden dragon corpse
 61055 | Zot:4    | Found a radiant altar of Vehumet.
 61226 | Zot:4    | Reached skill level 19 in Shapeshifting
 61432 | Zot:5    | Entered Level 5 of the Realm of Zot
 61432 | Zot:5    | Noticed an electric golem
 61444 | Zot:5    | Killed an electric golem
 61632 | Zot:5    | Noticed an ancient lich
 61636 | Zot:5    | Killed an ancient lich
 61649 | Zot:5    | quicksilver dragon scales {rare}; a quicksilver dragon
                  | corpse
 61649 | Zot:5    | Noticed an ancient lich
 61649 | Zot:5    | Noticed an orb of fire
 61649 | Zot:5    | Noticed an electric golem
 61649 | Zot:5    | Noticed an ancient lich
 61649 | Zot:5    | Noticed a dread lich
 61649 | Zot:5    | Noticed an ancient lich
 61656 | Zot:5    | Killed an ancient lich
 61656 | Zot:5    | Gained mutation: You are clumsy. (Dex -2) [an orb of fire]
 61658 | Zot:5    | Gained mutation: You have hidden genetic defects. [an orb
                  | of fire]
 61664 | Zot:5    | Killed an ancient lich
 61665 | Zot:5    | Reached skill level 20 in Shapeshifting
 61665 | Zot:5    | Gained mutation: You are frail. (-10% HP) [an orb of fire]
 61670 | Zot:5    | Killed a dread lich
 61674 | Zot:5    | Lost mutation: You are frail. (-10% HP) [an orb of fire]
 61675 | Zot:5    | Gained mutation: You are very weak. (Str -4) [an orb of
                  | fire]
 61676 | Zot:5    | Killed an orb of fire
 61677 | Zot:5    | Killed an electric golem
 61679 | Zot:5    | Killed an ancient lich
 61697 | Zot:5    | quicksilver dragon scales {rare}; a quicksilver dragon
                  | corpse
 61839 | Zot:5    | quicksilver dragon scales {rare}; a quicksilver dragon
                  | skeleton
 61884 | Zot:5    | Identified the +6 great mace of Dumo {freeze, rCorr MP+9}
 61896 | Zot:5    | Gained mutation: Armour fits poorly on your strangely
                  | shaped body. [hidden defects]
 61931 | Zot:5    | Noticed an orb of fire
 61933 | Zot:5    | Noticed a dread lich
 61933 | Zot:5    | Noticed an electric golem
 61935 | Zot:5    | Got the Orb of Zot
 61976 | Zot:5    | Killed an electric golem
 61977 | Zot:5    | Reached skill level 21 in Shapeshifting
 62038 | Zot:3    | Noticed a curse toe
 62588 | D:$      | Escaped with the Orb!

Vanquished Creatures
  the Royal Jelly (Slime:5)
  5 dread liches
  An orb of fire (Zot:5)
  7 ancient liches
  Mennas (Crypt:1)
  Josephina (Crypt:2)
  Boris (Crypt:3)
  2 Killer Klowns (Zot:5)
  Vashnia (Snake:2)
  5 golden dragons
  A profane servitor (Abyss:1)
  Norris (Elf:1)
  A Brimstone Fiend (Depths:3)
  6 bone dragons
  4 electric golems
  Jorgrun (Elf:1)
  Mlioglotl (Snake:2)
  21 Orb Guardians
  4 liches
  9 tentacled monstrosities
  Asterion (Vaults:2)
  10 titans
  2 quicksilver dragons (Zot:4)
  2 deep elf master archers (Elf:3)
  5 deep elf blademasters
  4 sphinxes
  4 tentacled starspawn (Abyss:1)
  16 acid blobs
  A walking frostbound tome (Depths:4)
  Polyphemus (Shoals:4)
  An Executioner (Depths:3)
  6 death cobs
  Aizul (Snake:4)
  7 shadow dragons
  A tengu reaver (Vaults:4)
  The ghost of Casseolirch the Earth Mage, an adept GrEE of Vehumet (Snake:1)
  14 azure jellies
  5 storm dragons
  Roxanne (D:15)
  5 nagarajas (Snake:4)
  A protean progenitor (Zot:4)
  Donald (Shoals:1)
  15 fire giants
  18 rockslimes
  14 draconian monks
  10 deep elf sorcerers (Elf:3)
  A ghost moth (Zot:4)
  An iron dragon (Zot:1)
  4 draconian shifters
  9 vault wardens
  3 draconian knights
  8 deep elf elementalists
  2 juggernaut zombies
  4 draconian scorchers
  3 imperial myrmidons (Desolation)
  3 curse skulls
  15 frost giants
  2 balrugs
  2 orc warlords
  2 cacodemons
  3 spriggan defenders
  A draconian annihilator (Zot:3)
  3 angels
  2 caustic shrike skeletons
  3 draconian stormcallers (Zot:1)
  3 ghouls (Crypt:2)
  5 quicksilver oozes
  The ghost of catramo the Brawler, a journeyman TrSh of Wu Jian (Lair:4)
  15 stone giants
  3 juggernaut skeletons
  2 demonspawn blood saints
  12 ironbound preservers
  9 green draconians
  3 vampire knights
  20 very ugly things
  6 formless jellyfish
  5 elemental wellsprings (Shoals:2)
  7 ironbound thunderhulks
  10 deep elf demonologists
  A lorocyproca (D:12)
  6 deep elf annihilators (Elf:3)
  9 red draconians
  2 spectral hellephants (Crypt:2)
  3 halazid warlocks (Desolation)
  23 dire elephants
  11 black draconians
  2 minotaurs
  9 deep elf death magi
  15 white draconians
  7 war gargoyles
  5 purple draconians
  10 yellow draconians
  2 spark wasps (Depths:2)
  2 eidola
  3 merfolk javelineers (Shoals:4)
  2 crystal guardians
  Snorg (D:12)
  5 blizzard demons
  2 green deaths (Depths:3)
  5 jiangshi
  9 ettins
  7 merfolk impalers
  6 fire dragons
  4 deep elf high priests
  4 spriggan zombies
  3 salamander tyrants (Snake:4)
  Erolcha (D:12)
  7 ragged hierophants (Desolation)
  8 ice dragons
  17 peacekeepers
  A vault guard (Vaults:2)
  11 yaktaur captains
  4 servants of whispers (Desolation)
  17 great orbs of eyes
  Fannar (D:12)
  8 hydras
  2 death knights
  6 rakshasas
  3 spriggan air magi
  2 alligator snapping turtles
  Erica (D:9)
  2 spriggan skeletons
  3 catoblepae
  A satyr (Shoals:3)
  4 merfolk avatars
  4 ironbound frosthearts
  A spectral shadow dragon (Crypt:2)
  19 centaur warriors
  A two-headed ogre (shapeshifter) (Elf:1)
  10 anacondas
  4 two-headed ogres
  A fenstrider witch zombie (Crypt:3)
  2 merfolk aquamancers
  13 dancing weapons
  6 boulder beetles
  7 naga warriors
  4 deep troll shamans
  10 death yaks
  3 vampire magi
  A thrashing horror (Abyss:1)
  3 deep troll earth magi (Depths:1)
  11 naga sharpshooters
  2 hell hogs
  6 tengu warriors
  2 occultists
  A titan zombie (Crypt:3)
  5 orc high priests
  2 spectral elves (Crypt:2)
  A spriggan berserker (Depths:1)
  21 deep elf knights
  17 hell knights
  2 soul eaters
  8 sun demons
  3 shock serpents
  5 sixfirhies
  2 shadow wraiths
  5 skysharks
  2 titan skeletons
  4 wretched stars (Abyss:1)
  2 storm dragon skeletons
  A fire crab (shapeshifter) (Elf:1)
  28 skeletal warriors
  7 salamander mystics
  A spark wasp zombie (Depths:2)
  59 deep trolls
  4 iron trolls
  A spatial maelstrom (Abyss:1)
  A flayed ghost (Depths:2)
  A shadow demon (Depths:2)
  A glowing orange brain (Depths:2)
  An orange crystal statue (Vaults:3)
  8 sea snakes
  2 spriggan simulacra (Crypt:2)
  7 arcanists
  A shadow dragon zombie (Depths:2)
  An anaconda skeleton (Abyss:1)
  24 deep elf archers
  36 deep elf pyromancers
  11 large abominations
  10 lindwurms
  10 orc knights
  19 ironbound convokers
  7 necromancers
  13 starcursed masses (Abyss:1)
  30 deep elf zephyrmancers
  A tengu zombie (Depths:2)
  7 naga ritualists
  8 mana vipers
  6 harpies
  40 ugly things
  An oklob plant (Gauntlet)
  8 phantasmal warriors
  16 manticores
  6 fauns
  7 shining eyes
  2 shadow dragon skeletons
  A broodmother zombie (Crypt:1)
  9 cyclopes
  6 orc sorcerers (Orc:2)
  7 elephants (Lair:5)
  19 moths of wrath
  17 salamanders
  A wolf spider (D:15)
  A meliai (shapeshifter) (Elf:1)
  2 worldbinders (Abyss:1)
  2 stone giant skeletons
  6 kobold blastminers
  37 black mambas
  11 vault sentinels
  A dire elephant zombie (Crypt:1)
  2 black mambas (shapeshifter) (Elf:1)
  10 merfolk sirens
  3 meliai (D:14)
  3 ice statues (IceCv)
  2 iron dragon skeletons
  A torpor snail (shapeshifter) (D:15)
  14 naga magi
  3 naga zombies
  6 guardian serpents
  3 orange demons
  A titan simulacrum (Crypt:2)
  6 apocalypse crabs
  4 water nymphs
  A dire elephant skeleton (Crypt:3)
  11 smoke demons
  2 molten gargoyles (Desolation)
  2 eyes of devastation
  4 gargoyles (Crypt:3)
  3 naga skeletons
  A rime drake (shapeshifter) (D:14)
  7 cane toads
  2 kobold demonologists
  2 hellions
  Jeremiah (D:9)
  An unseen horror (Abyss:1)
  5 rime drakes
  5 freezing wraiths
  7 komodo dragons
  33 merfolk
  A guardian mummy (Crypt:3)
  2 tengu conjurers (Depths:1)
  25 yaktaurs
  2 ice devils
  2 harpy zombies
  4 ancient zymes (Abyss:1)
  5 red devils (Crypt:3)
  2 wind drakes
  A polar bear (shapeshifter) (D:13)
  4 trolls
  A merfolk (shapeshifter) (Elf:1)
  4 hellwings (Abyss:1)
  5 hornets
  A queen bee (shapeshifter) (Elf:1)
  47 saltlings (Desolation)
  A queen bee (D:14)
  A mana viper skeleton (Crypt:1)
  2 harpy skeletons
  15 polar bears
  10 blink frogs
  A snapping turtle (shapeshifter) (Vaults:3)
  10 raiju
  4 air elementals
  28 dream sheep
  10 snapping turtles
  92 slime creatures
  3 ettin skeletons
  4 wyverns
  2 vampires
  A yak (shapeshifter) (Elf:1)
  4 spriggans
  3 ynoxinuls (Abyss:1)
  10 water elementals
  A culicivora (shapeshifter) (Elf:3)
  5 shadows
  4 dire elephant simulacra
  8 wraiths
  2 ushabtiu (Crypt:3)
  12 wargs
  3 basilisks
  43 yaks
  7 fire elementals
  11 golden eyes
  5 neqoxecs (Abyss:1)
  9 vampire mosquitoes
  4 chaos spawn
  4 steam dragons
  Edmund (D:6)
  A harpy simulacrum (IceCv)
  41 nagas
  A fire bat zombie (Crypt:2)
  2 acid dragons
  A swamp worm (shapeshifter) (Vaults:3)
  14 water moccasins
  Duvessa (D:7)
  A faun skeleton (Crypt:1)
  15 hell hounds
  A demonspawn skeleton (Crypt:1)
  44 orc warriors
  13 black bears
  3 ice beasts
  2 sky beasts
  A boggart (Vaults:1)
  A lindwurm zombie (Crypt:2)
  30 wolves
  A manticore zombie (Shoals:3)
  12 ogres
  20 laughing skulls (Abyss:1)
  A blink frog zombie (Crypt:2)
  17 centaurs
  A phantom (D:5)
  2 kobold brigands
  2 brain worms (Abyss:1)
  8 bullfrogs
  A gnoll sergeant (D:9)
  17 small abominations
  3 earth elementals
  4 necrophages (Crypt:2)
  4 scorpions
  A warg zombie (Crypt:2)
  A glowing shapeshifter simulacrum (Depths:2)
  A water moccasin zombie (Crypt:1)
  A demonspawn simulacrum (Crypt:2)
  Dowan (D:7)
  4 wights (D:8)
  An elephant simulacrum (IceCv)
  40 killer bees
  A howler monkey (D:5)
  A bombardier beetle (D:6)
  2 electric eels (D:7)
  A crimson imp (Abyss:1)
  2 jellies
  3 quasits (Abyss:1)
  A gnoll bouda (D:10)
  3 hounds
  23 orc priests
  5 iron imps (Abyss:1)
  A sleepcap (D:7)
  2 iguanas (D:4)
  18 orc wizards
  A polar bear simulacrum (IceCv)
  A boggart skeleton (Crypt:2)
  2 wolf simulacra (IceCv)
  7 mummies (Crypt:3)
  20 gnolls
  6 adders
  3 shadow imps
  14 white imps
  9 ufetubi
  An iguana skeleton (Crypt:1)
  A worm (shapeshifter) (Elf:3)
  3 worms
  3 dart slugs
  105 orcs
  5 bats
  8 endoplasms
  4 giant cockroaches
  6 goblins
  12 hobgoblins
  2 jackals (D:3)
  5 quokkas
  8 ball pythons
  A frilled lizard (D:1)
  A gnoll skeleton (Crypt:1)
  A hobgoblin skeleton (Crypt:2)
  18 kobolds
  An orc skeleton (Crypt:2)
  4 rats
  A lurking horror (Abyss:1)
  3 starspawn tentacles (Abyss:1)
2551 creatures vanquished.

Vanquished Creatures (collateral kills)
  An Orb Guardian (Zot:5)
  A quicksilver dragon (Zot:5)
  A moth of wrath (Zot:5)
3 creatures vanquished.

Vanquished Creatures (others)
  A draconian shifter (Zot:1)
  A dire elephant (Vaults:1)
  A peacekeeper (Desolation)
  A naga warrior (Snake:4)
  A naga sharpshooter (Snake:2)
  An ironbound convoker (Desolation)
  A deep elf archer (Vaults:4)
  2 arcanists
  A deep elf pyromancer (Elf:1)
  4 deep elf zephyrmancers
  Psyche (D:9)
  A saltling (Desolation)
  An air elemental (Elf:1)
  A water elemental (Elf:3)
  2 fire bats (Abyss:1)
  5 golden eyes (Abyss:1)
  2 nagas
  A killer bee (D:8)
  2 orc wizards (Elf:1)
  5 orcs (Elf:1)
  A lurking horror (Abyss:1)
  6 starspawn tentacles (Abyss:1)
42 creatures vanquished.

Grand Total: 2596 creatures vanquished

Table legend:
 A = Non-vault XP
 B = Vault XP
 C = Vault XP percentage of total XP
 D = Non-vault monster count
 E = Vault monster count
 F = Vault count percentage of total count
                 A         B        C        D         E       F
            +---------+---------+-------+---------+---------+-------
      Total |  695953 |  654337 |  48.5 |    1436 |     992 |  40.9
            +---------+---------+-------+---------+---------+-------
        D:1 |      59 |       5 |   7.8 |      18 |       2 |  10.0
        D:2 |      54 |      28 |  34.1 |      22 |       4 |  15.4
        D:3 |     123 |       0 |   0.0 |      30 |       0 |   0.0
        D:4 |     442 |       0 |   0.0 |      20 |       0 |   0.0
        D:5 |    1002 |       0 |   0.0 |      15 |       0 |   0.0
        D:6 |     656 |     166 |  20.2 |      11 |       1 |   8.3
        D:7 |     524 |     527 |  50.1 |      11 |       6 |  35.3
        D:8 |    1430 |       0 |   0.0 |      26 |       0 |   0.0
        D:9 |    2580 |    1550 |  37.5 |      37 |       3 |   7.5
       D:10 |    1536 |       0 |   0.0 |      21 |       0 |   0.0
       D:11 |    3108 |       0 |   0.0 |      19 |       0 |   0.0
       D:12 |    5420 |    2706 |  33.3 |      17 |       8 |  32.0
       D:13 |   12412 |       0 |   0.0 |      31 |       0 |   0.0
       D:14 |    3449 |    5181 |  60.0 |       5 |      21 |  80.8
       D:15 |   11974 |    3382 |  22.0 |      33 |       4 |  10.8
     Lair:1 |    3872 |       0 |   0.0 |      18 |       0 |   0.0
     Lair:2 |    7352 |    2518 |  25.5 |      21 |       8 |  27.6
     Lair:3 |    8269 |    1091 |  11.7 |      37 |      17 |  31.5
     Lair:4 |    3162 |    3984 |  55.8 |      15 |       6 |  28.6
     Lair:5 |   13405 |   21296 |  61.4 |      43 |      78 |  64.5
   Shoals:1 |    8751 |    1327 |  13.2 |      20 |       1 |   4.8
   Shoals:2 |    6535 |    6226 |  48.8 |      13 |      10 |  43.5
   Shoals:3 |   14044 |    3524 |  20.1 |      30 |      10 |  25.0
   Shoals:4 |    9826 |   23386 |  70.4 |      22 |      38 |  63.3
    Snake:1 |   10710 |    1905 |  15.1 |      24 |       2 |   7.7
    Snake:2 |   15840 |    8798 |  35.7 |      33 |       7 |  17.5
    Snake:3 |   12723 |     876 |   6.4 |      26 |       2 |   7.1
    Snake:4 |   16582 |   25745 |  60.8 |      37 |      38 |  50.7
    Slime:1 |    6755 |       0 |   0.0 |      15 |       0 |   0.0
    Slime:2 |    3225 |       0 |   0.0 |       6 |       0 |   0.0
    Slime:3 |   11516 |    9092 |  44.1 |      15 |       7 |  31.8
    Slime:4 |    3774 |       0 |   0.0 |      10 |       0 |   0.0
    Slime:5 |   14375 |   23999 |  62.5 |      33 |      19 |  36.5
      Orc:1 |    1782 |       0 |   0.0 |      16 |       0 |   0.0
      Orc:2 |       0 |   23870 | 100.0 |       0 |     157 | 100.0
      Elf:1 |    9785 |   22230 |  69.4 |      15 |      39 |  72.2
      Elf:2 |   26302 |    1649 |   5.9 |      48 |       2 |   4.0
      Elf:3 |   13880 |   42153 |  75.2 |      24 |      37 |  60.7
   Vaults:1 |   35187 |   10457 |  22.9 |      49 |      18 |  26.9
   Vaults:2 |   30380 |   24968 |  45.1 |      46 |      29 |  38.7
   Vaults:3 |   17081 |   41590 |  70.9 |      23 |      50 |  68.5
   Vaults:4 |   15054 |   23462 |  60.9 |      18 |      31 |  63.3
    Crypt:1 |   17714 |    4159 |  19.0 |      31 |       1 |   3.1
    Crypt:2 |   19367 |   15206 |  44.0 |      35 |      12 |  25.5
    Crypt:3 |       0 |   60396 | 100.0 |       0 |      82 | 100.0
   Depths:1 |   45006 |    9848 |  18.0 |      55 |      14 |  20.3
   Depths:2 |   35886 |   12756 |  26.2 |      47 |      17 |  26.6
   Depths:3 |   15741 |   15786 |  50.1 |      19 |      16 |  45.7
   Depths:4 |   15824 |    8519 |  35.0 |      18 |       7 |  28.0
      Zot:1 |   39524 |   38947 |  49.6 |      36 |      32 |  47.1
      Zot:2 |   15700 |       0 |   0.0 |      12 |       0 |   0.0
      Zot:3 |   10619 |       0 |   0.0 |       9 |       0 |   0.0
      Zot:4 |   23891 |   30670 |  56.2 |      23 |      22 |  48.9
      Zot:5 |   10563 |   69296 |  86.8 |      10 |      28 |  73.7
    Abyss:1 |   81182 |       0 |   0.0 |     168 |       0 |   0.0
      IceCv |       0 |    3119 | 100.0 |       0 |      13 | 100.0
 Desolation |       0 |   44540 | 100.0 |       0 |      84 | 100.0
   Gauntlet |       0 |    3404 | 100.0 |       0 |       9 | 100.0
            +---------+---------+-------+---------+---------+-------

Skill      XL: |  1  2  3  4  5  6  7  8  9 10 11 12 13 14 15 16 17 18 19 20 21 22 23 24 25 26 27 |
---------------+----------------------------------------------------------------------------------+-----
Fighting       | 3 4 5 7 8 11 13 14 16 19 22 25 27 | 27.0
Conjurations   | 3 |  3.0
Translocations | 1 2 3 6 7 9 |  9.0
Maces & Flails | 4 7 10 13 14 | 14.0
Evocations     | 4 |  4.0
Invocations    | 10 13 18 | 18.5
Shields        | 3 10 12 14 15 16 18 | 18.0
Shapeshifting  | 3 11 13 16 21 | 21.4
Axes           | 7 14 15 20 | 20.5
Dodging        | 9 10 12 14 | 14.0
Air Magic      | 3 9 |  9.0
Spellcasting   | 5 10 | 10.0

Action                     |  1- 3 |  4- 6 |  7- 9 | 10-12 | 13-15 | 16-18 | 19-21 | 22-24 | 25-27 || total
---------------------------+-------+-------+-------+-------+-------+-------+-------+-------+-------++-------
  Melee: Mace              |    50 |   133 |       |       |       |       |       |       |       ||   183
         Headbutt          |    10 |    23 |    41 |   127 |   305 |   295 |   466 |   520 |   545 ||  2332
         Long sword        |       |     5 |       |       |       |       |       |       |       ||     5
         Flail             |       |    35 |   116 |       |       |       |       |       |       ||   151
         Punch             |       |     3 |     3 |       |       |       |       |       |       ||     6
         Dire flail        |       |       |    80 |   568 |       |       |       |       |       ||   648
         Demon whip        |       |       |       |    19 |  1241 |  1137 |  1417 |   542 |       ||  4356
         Kick              |       |       |       |       |    18 |   477 |   706 |   830 |   156 ||  2187
         Broad axe         |       |       |       |       |       |       |       |  1206 |  1634 ||  2840
  Throw: Dart              |       |    14 |    29 |    36 |       |     2 |       |       |       ||    81
         Throwing net      |       |       |     1 |       |       |       |       |       |       ||     1
   Cast: Momentum Strike   |     4 |     4 |       |       |       |       |       |       |       ||     8
 Invoke: Heroism           |       |       |       |     3 |     8 |     8 |    12 |       |       ||    31
         Finesse           |       |       |       |     1 |    10 |     8 |    15 |       |       ||    34
         Receive Weapon    |       |       |       |     1 |       |       |       |       |       ||     1
         Receive Armour    |       |       |       |     1 |       |       |       |       |       ||     1
         Greater Servant o |       |       |       |       |       |       |       |       |     4 ||     4
  Evoke: Wand              |       |       |     9 |    19 |       |     1 |       |       |     1 ||    30
         Lightning rod     |       |       |       |       |       |     5 |     3 |       |     3 ||    11
         Sack of spiders   |       |       |       |       |       |       |       |     1 |     1 ||     2
         Phantom mirror    |       |       |       |       |       |       |       |     1 |     1 ||     2
    Use: Scroll            |       |     3 |     4 |    19 |     7 |    12 |     6 |     6 |    14 ||    71
         Potion            |       |     1 |       |     7 |     4 |     7 |       |       |    17 ||    36
   Stab: Sleeping          |       |     1 |       |       |     5 |       |       |     4 |     6 ||    16
         Paralysed         |       |       |     1 |       |       |       |       |       |       ||     1
         Distracted        |       |       |       |     1 |       |     1 |       |     1 |     5 ||     8
         Petrified         |       |       |       |       |       |       |       |       |     2 ||     2
 Armour: Robe              |    40 |   120 |   149 |     9 |       |       |       |       |       ||   318
         Steam dragon scal |       |       |       |   334 |   287 |       |       |       |       ||   621
         Troll leather arm |       |       |       |       |   114 |   286 |    81 |       |       ||   481
         Skin              |       |       |       |       |       |       |   496 |   715 |   817 ||  2028
  Dodge: Dodged            |    32 |    64 |   108 |   192 |   107 |   129 |   337 |   514 |   514 ||  1997
  Block: Other             |       |       |    33 |    82 |       |       |       |       |       ||   115
         Reflection        |       |       |     3 |     4 |    38 |   113 |    99 |   135 |    17 ||   409
         Tower shield      |       |       |       |    12 |   993 |   930 |  1869 |  2617 |  2473 ||  8894
   Form: Statue            |       |       |       |       |       |       |     1 |       |       ||     1

Illustrated notes

Table legend:
 A = Kills in this place as a percentage of kills in the entire game.
 B = Kills by you in this place as a percentage of kills by you in the entire game.
 C = Kills by friends in this place as a percentage of kills by friends in the entire game.
 D = Other kills in this place as a percentage of other kills in the entire game.
 E = Experience gained in this place as a percentage of experience gained in the entire game.
 F = Experience gained in this place divided by the number of levels of this place that you have seen.
                   A       B       C       D       E      F
               +-------+-------+-------+-------+-------+----------------------
         Total | 100.0 | 100.0 | 100.0 | 100.0 | 100.0 | 22138.6
       Dungeon |  15.1 |  15.2 |   0.0 |   6.7 |   4.8 | 4381.0
          Lair |   9.9 |  10.0 |   0.0 |   0.0 |   4.7 | 12989.8
        Shoals |   5.9 |   5.9 |   0.0 |   0.0 |   5.4 | 18404.8
     Snake Pit |   6.9 |   6.8 |   0.0 |  26.7 |   6.8 | 23294.8
    Slime Pits |   4.3 |   4.3 |   0.0 |   0.0 |   5.3 | 14547.2
  Orcish Mines |   7.1 |   7.1 |   0.0 |   0.0 |   1.9 | 12826.0
   Elven Halls |   6.7 |   6.6 |   0.0 |  33.3 |   8.5 | 38666.3
        Vaults |  10.8 |  10.8 |   0.0 |  13.3 |  14.4 | 49544.8
         Crypt |   6.6 |   6.6 |   0.0 |   0.0 |   8.5 | 38947.3
        Depths |   8.2 |   8.3 |   0.0 |   0.0 |  12.1 | 41398.2
           Zot |   7.3 |   7.2 | 100.0 |   6.7 |  18.1 | 49576.8
         Abyss |   6.9 |   6.9 |   0.0 |   6.7 |   5.9 | 40591.0
      Ice Cave |   0.5 |   0.5 |   0.0 |   0.0 |   0.2 | 3119.0
    Desolation |   3.4 |   3.4 |   0.0 |   6.7 |   3.2 | 44540.0
      Gauntlet |   0.4 |   0.4 |   0.0 |   0.0 |   0.2 | 3404.0
               +-------+-------+-------+-------+-------+----------------------

Table legend: (Time is in decaauts)
 A = Elapsed time spent in this place.
 B = Non-inter-level travel time spent in this place.
 C = Inter-level travel time spent in this place.
 D = Time resting spent in this place.
 E = Time spent auto-exploring this place.
 F = Levels seen in this place.
 G = Mean time per level.
                   A        B        C        D        E       F      G
               +--------+--------+--------+--------+--------+-----+--------+
         Total |  72301 |  63842 |   8459 |   7154 |  40252 |  62 | 1166.1 |
       Dungeon |  18816 |  15483 |   3333 |   2466 |  10077 |  15 | 1254.4 |
        Temple |    439 |      1 |    438 |      0 |      0 |   1 |  439.0 |
          Lair |   7760 |   6793 |    967 |   1157 |   4381 |   5 | 1552.0 |
        Shoals |   4043 |   3769 |    274 |    340 |   2577 |   4 | 1010.8 |
     Snake Pit |   5043 |   4783 |    260 |    509 |   3304 |   4 | 1260.8 |
    Slime Pits |   1534 |   1464 |     70 |    281 |    412 |   5 |  306.8 |
  Orcish Mines |   2609 |   1955 |    654 |     65 |   1432 |   2 | 1304.5 |
   Elven Halls |   5372 |   4779 |    593 |    505 |   3015 |   3 | 1790.7 |
        Vaults |   8545 |   7806 |    739 |    133 |   5695 |   4 | 2136.2 |
         Crypt |   4802 |   4522 |    280 |    417 |   3162 |   3 | 1600.7 |
        Depths |   5160 |   4546 |    614 |     90 |   3347 |   4 | 1290.0 |
           Zot |   3674 |   3442 |    232 |    511 |   1502 |   5 |  734.8 |
         Abyss |   1944 |   1944 |      0 |     57 |    744 |   2 |  972.0 |
        Bazaar |     94 |     94 |      0 |      0 |      0 |   1 |   94.0 |
         Trove |     62 |     62 |      0 |      0 |      0 |   1 |   62.0 |
      Ice Cave |    553 |    553 |      0 |    335 |     25 |   1 |  553.0 |
    Desolation |   1372 |   1372 |      0 |    208 |    381 |   1 | 1372.0 |
      Gauntlet |    473 |    473 |      0 |     76 |    195 |   1 |  473.0 |
               +--------+--------+--------+--------+--------+-----+--------+

Top non-repeatable levels by time:
  Lair:5: 2822 daAuts
 Crypt:3: 2456 daAuts
Vaults:2: 2383 daAuts
   Elf:1: 2163 daAuts
Vaults:4: 2138 daAuts
 Snake:4: 2111 daAuts
Vaults:1: 2043 daAuts
   Orc:2: 1996 daAuts
Vaults:3: 1979 daAuts
 Abyss:1: 1944 daAuts
   Elf:3: 1816 daAuts
    D:15: 1642 daAuts
Depths:2: 1637 daAuts
     D:5: 1596 daAuts
    D:12: 1557 daAuts
